 Dungeon Crawl Stone Soup version 0.31-a0-963-ga325b2283a (webtiles) character file.

Game seed: 5872958669989624079

880028 Syrassil the Planerender (level 27, -13/266 HPs)
             Began as a Purple Draconian Shapeshifter on Oct 24, 2023.
             Was a High Priest of Jiyva.
             Mangled by Cerebov
             ... wielding the +6 sword of Cerebov {flame}
              (35 damage)
             ... in Pandemonium.
             The game lasted 03:56:22 (68516 turns).

Syrassil the Planerender (DrSh)                    Turns: 68516, Time: 03:56:23

Health: -13/266    AC: 22    Str: 27    XL:     27
Magic:  12/55      EV: 52    Int: 29    God:    Jiyva [*****.]
Gold:   3444       SH: 18    Dex: 28    Spells: 30/70 levels left

rFire   . . .        d - +6 Majin-Bo {spellvamp, MP+6 Int+6}
rCold   + + .        s - +2 kite shield {AC+3}
rNeg    . . .        (body armour unavailable)
rPois   +            (helmet restricted)
rElec   +            x - +4 dragonskin cloak
rCorr   +            H - +0 pair of gloves of Agnosticism {Rampage Regen+ Str+4 Stlth+}
SInv    +            (no boots)
Will    ++++.        K - amulet "Fesahuob" {Acrobat rElec rC+ Int+3}
Stlth   +++          l - ring of Ofolek {rF+ rC+ Dex+6}
HPRegen 3.68/turn    F - ring of the Marlin {rPois Str+3 Int+6 Dex+2 SInv}
MPRegen 0.79/turn

%: acrobat, rampage
@: mighty, maw-form, fire vulnerable, forested, calling dragons, acrobatic,
calling ooze
A: devouring maw, breathe power, AC +13, unfitting armour, cold-blooded, talons
2, regeneration 1, strong 1, devolution 1
}: 9/15 runes: serpentine, barnacled, slimy, silver, abyssal, demonic, glowing,
magical, dark
a: Breathe Dispelling Energy, Begin Untransformation, Renounce Religion,
Oozemancy, Slimify


You were in Pandemonium.
You worshipped Jiyva.
Jiyva was extremely pleased with you.
You were a creature with a mouth for a stomach.
You visited 12 branches of the dungeon, and saw 56 of its levels.
You visited Pandemonium 1 time, and saw 14 of its levels.
You visited the Abyss 1 time.
You also visited: Sewer and Ice Cave.

You collected 6934 gold pieces.
You spent 3490 gold pieces at shops.

Inventory:

Hand Weapons
 d - the +6 Majin-Bo (weapon) {spellvamp, MP+6 Int+6}
   (You acquired it on level 2 of the Elven Halls)

   Int+6:     It affects your intelligence (+6).
   MP+6:      It affects your magic capacity (+6).
 n - a +3 trishula of holy wrath
 A - a +6 lajatang of speed
Armour
 s - a +2 kite shield of protection (worn)
 x - the +4 dragonskin cloak (worn)
   (You found it on level 2 of the Realm of Zot)

   Avatar's Aegis: It grants the wearer a chance to resist fire, cold, poison,
   electricity, acid, and negative energy.
 H - the +0 pair of gloves of Agnosticism (worn) {Rampage Regen+ Str+4 Stlth+}
   (You found it on level 2 of the Vaults)

   Str+4:     It affects your strength (+4).
   Regen+:    It increases your rate of health regeneration.
   Rampage:   It bestows one free step when moving towards enemies.
   Stlth+:    It makes you more stealthy.
 Q - a +2 tower shield
Jewellery
 l - the ring of Ofolek (left hand) {rF+ rC+ Dex+6}
   (You took it off a spriggan defender on level 2 of the Depths)

   [ring of protection from fire]

   Dex+6:     It affects your dexterity (+6).
   rF+:       It protects you from fire.
   rC+:       It protects you from cold.
 F - the ring of the Marlin (right hand) {rPois Str+3 Int+6 Dex+2 SInv}
   (You acquired it on level 2 of the Vaults)

   [ring of intelligence]

   Str+3:     It affects your strength (+3).
   Int+6:     It affects your intelligence (+6).
   Dex+2:     It affects your dexterity (+2).
   rPois:     It protects you from poison SInv: It lets you see invisible.
 K - the amulet "Fesahuob" (around neck) {Acrobat rElec rC+ Int+3}
   (You bought it in a shop on level 2 of the Orcish Mines)

   [amulet of the acrobat]

   Acrobat:   It increases your evasion while moving and waiting.
   Int+3:     It affects your intelligence (+3).
   rC+:       It protects you from cold.
   rElec:     It insulates you from electricity.
Talismans
 U - a maw talisman (active)
 Y - a talisman of death
Wands
 e - a wand of charming (5)
 D - a wand of mindburst (29)
 J - a wand of light (7)
 O - a wand of iceblast (18)
 P - a wand of polymorph (40)
 S - a wand of digging (6)
Scrolls
 c - 6 scrolls of fog
 m - 6 scrolls of amnesia
 p - 2 scrolls of immolation
 w - 4 scrolls of vulnerability
 z - 15 scrolls of teleportation
 E - 4 scrolls of fear
 G - 6 scrolls of torment
 L - 4 scrolls of brand weapon
 M - a scroll of silence
 R - 4 scrolls of poison
 T - 5 scrolls of enchant armour
 Z - 2 scrolls of revelation
Potions
 a - a potion of lignification
 b - 4 potions of berserk rage
 f - 7 potions of invisibility
 g - 2 potions of cancellation
 i - a potion of heal wounds
 k - 10 potions of brilliance
 o - 5 potions of mutation
 r - 7 potions of might
 B - 5 potions of enlightenment
 I - 11 potions of curing
 V - 5 potions of ambrosia
Miscellaneous
 h - a lightning rod (4/4)
 t - the horn of Geryon
 u - a sack of spiders
 W - a tin of tremorstones (2/2)
 X - a phantom mirror


   Skills:
 + Level 25.3 Fighting
 - Level 14.0 Staves
 + Level 23.8 Dodging
 - Level 15.0 Shields
 - Level 3.0 Unarmed Combat
 + Level 22.0 Spellcasting
 O Level 27 Summonings
 - Level 10.0 Poison Magic
 - Level 10.0 Evocations
 - Level 19.0 Shapeshifting


You had 30 spell levels left.
You knew the following spells:

 Your Spells              Type           Power      Damage    Failure   Level
a - Olgreb's Toxic Radia  Pois           74%        N/A       1%          4
b - Summon Cactus Giant   Summ           56%        N/A       0%          6
c - Dragon's Call         Summ           56%        N/A       2%          9
d - Summon Mana Viper     Hex/Summ       84%        N/A       1%          5
e - Summon Forest         Summ/Tloc      42%        N/A       1%          5
f - Summon Lightning Spi  Summ/Air       84%        N/A       1%          4
g - Haunt                 Necr/Summ      42%        N/A       4%          7

Your spell library contained the following spells:

 Spells                   Type           Power      Damage    Failure   Level
 Summon Small Mammal      Summ           100%       N/A       0%          1
 Call Imp                 Summ           100%       N/A       0%          2
 Apportation              Tloc           62%        N/A       1%          1
 Kiss of Death            Conj/Necr      100%       2d13      1%          1
 Magic Dart               Conj           100%       1d8       1%          1
 Necrotise                Necr           100%       1d9       1%          1
 Sandblast                Erth           62%        2d14      1%          1
 Sting                    Tmut/Pois      100%       1d8       1%          1
 Cigotuvi's Dreadful Rot  Necr/Pois/Air  100%       N/A       1%          2
 Poisonous Vapours        Pois/Air       100%       N/A       1%          2
 Ignite Poison            Fire/Tmut/Pois 50%        N/A       1%          3
 Mephitic Cloud           Conj/Pois/Air  50%        N/A       1%          3
 Blink                    Tloc           62%        N/A       2%          2
 Lesser Beckoning         Tloc           62%        N/A       2%          2
 Momentum Strike          Conj/Tloc      62%        3d9       2%          2
 Passwall                 Tmut/Erth      25%        N/A       2%          2
 Scorch                   Fire           62%        2d7       2%          2
 Static Discharge         Conj/Air       62%        3-6/arc   2%          2
 Dazzling Flash           Conj/Hex       62%        N/A       4%          3
 Gell's Gravitas          Tloc           31%        N/A       4%          3
 Hailstorm                Conj/Ice       31%        3d8       4%          3
 Stone Arrow              Conj/Erth      62%        3d10      4%          3
 Teleport Other           Tloc           31%        N/A       4%          3
 Vampiric Draining        Necr           31%        2d8       4%          3
 Volatile Blastmotes      Fire/Tloc      62%        2d15      4%          3
 Airstrike                Air            15%        2d(3-19)  16%         4
 Animate Dead             Necr           31%        N/A       16%         4
 Brom's Barrelling Bould  Conj/Erth      31%        2d5       16%         4
 Cause Fear               Hex            15%        N/A       16%         4
 Flame Wave               Conj/Fire      31%        2d9       16%         4
 Fulminant Prism          Conj/Hex       15%        3d11      16%         4
 Iskenderun's Mystic Bla  Conj/Tloc      31%        2d8       16%         4
 Leda's Liquefaction      Hex/Erth       15%        N/A       16%         4
 Manifold Assault         Tloc           31%        N/A       16%         4
 Petrify                  Tmut/Erth      31%        N/A       16%         4
 Agony                    Necr           31%        N/A       38%         5
 Arcjolt                  Conj/Air       15%        1d25      38%         5
 Borgnjor's Vile Clutch   Necr/Erth      15%        N/A       38%         5
 Fireball                 Conj/Fire      15%        3d8       38%         5
 Freezing Cloud           Conj/Ice/Air   15%        6-21      38%         5
 Irradiate                Conj/Tmut      15%        3d16      38%         5
 Lee's Rapid Deconstruct  Erth           15%        3d10*     38%         5
 Silence                  Hex/Air        15%        N/A       38%         5
 Bombard                  Conj/Erth      15%        9d3       93%         6
 Death Channel            Necr           15%        N/A       93%         6
 Dispersal                Tloc           15%        N/A       93%         6
 Borgnjor's Revivificati  Necr           15%        N/A       100%        8
 Discord                  Hex            15%        N/A       100%        8
 Infestation              Necr           15%        N/A       100%        8
 Animate Armour           Summ/Erth      Unusable   N/A       N/A         4

Dungeon Overview and Level Annotations

Branches:
Dungeon (15/15)            Temple (0/1) D:7            Lair (5/5) D:10
 Shoals (4/4) Lair:3        Snake (4/4) Lair:3        Slime (5/5) Lair:5
    Orc (2/2) D:11            Elf (3/3) Orc:2        Vaults (5/5) D:14
  Crypt (3/3) Vaults:2       Tomb (0/3) Crypt:3      Depths (4/4) D:15
   Hell (visited)             Dis (0/7) Hell            Geh (0/7) Hell
    Coc (0/7) Hell            Tar (0/7) Hell            Zot (5/5) Depths:4
  Sewer (visited)           IceCv (visited)

Altars:
Cheibriados
Dithmenos
Elyvilon
Hepliaklqana
Kikubaaqudgha
Okawaru
Qazlal
Ru
Sif Muna
Uskayaw
Wu Jian
Xom
Zin
The Shining One
Jiyva

Shops:
D:2 (   D:9 :   Orc:2 !=[*   Elf:1 [   Elf:3 :::   Vaults:1 *   Vaults:2 ?****
Vaults:3 [   Vaults:5 !????   Depths:2 !   Depths:4 ??(*

Portals:
Hell: Depths:1 Depths:2 Depths:3 Depths:4
Abyss: Depths:2 Depths:3
Pandemonium: Depths:1 Depths:2
Ziggurat: Depths:4
Bazaar: Depths:1
Trove: D:10 (show abyssal rune of Zot)

Annotations:
D:9 exclusion: obsidian statue
Slime:5 Royal Jelly
Depths:1 3 runed translucent doors, exclusion: obsidian statue, Haxzo's ghost, adept HOMo
Pan Cerebov


Innate Abilities, Weirdness & Mutations

You are a creature with a mouth for a stomach.
Your midsection houses a second, enormous mouth.
You can breathe bolts of dispelling energy.
Your rich purple scales are hard. (AC +13)
You cannot fit into any form of body armour.
You are cold-blooded and may be slowed by cold attacks.
You have razor-sharp toenails.
Your natural rate of healing is unusually fast.
Your muscles are strong. (Str +4, Int/Dex -1)
You have hidden genetic defects.


Message History

The walls burn Cerebov!
Cerebov gestures at you.
A raging storm of fire appears!
The great blast of fire engulfs you!!! You partially resist.
* * * LOW HITPOINT WARNING * * *
You shudder from the blast and a jelly pops out!
The great blast of fire engulfs your acid blob!!!!
The great blast of fire engulfs Cerebov!!
Cerebov partially resists.
The great blast of fire engulfs your cactus giant!!!!
The walls burn the balrug!
The wall burns the balrug!
The balrug hits your iron dragon with a +0 demon whip of draining.
Your iron dragon is engulfed in flames!
Your iron dragon resists.
Your cactus giant is engulfed in blazing flames.
A fire vortex comes into view.
You swap places.
You are engulfed in blazing flames.
You resist.
* * * LOW HITPOINT WARNING * * *
A dragon arrives to answer your call!
You hear a bellow!
The walls burn Cerebov!
Cerebov hits something with the +6 sword of Cerebov {flame}!!!!
Cerebov burns something!!
The walls burn the fire vortex!
Something hits your quicksilver dragon.
The walls burn the balrug!
The balrug gestures at you.
The fireball explodes!
The fireball engulfs Cerebov.
Cerebov completely resists.
The fireball engulfs the fire vortex.
The fire vortex completely resists.
The fireball engulfs the balrug.
The balrug completely resists.
The wall burns the balrug!
The balrug hits something with a +0 demon whip of draining!
Something is engulfed in flames!
The wall burns the balrug!
Your acid blob is engulfed in blazing flames.
Your acid blob spits acid at Cerebov.
The splash of acid hits the fire vortex!!
The acid corrodes the fire vortex!
The fire vortex dissipates!
The walls burn Cerebov!
The walls burn the balrug!
Cerebov hits you with the +6 sword of Cerebov {flame}!!
You die...

##.... #.... # #.... .....≈
.#...# #♣#♣#♣♣♣##.♣...≈
....###≈≈♣..........≈≈
#.##....#.♣.#.#~~.≈≈≈
####.......'....~~~~.≈≈≈
##.#........'♣...D2~~≈≈≈≈
##........)..°○W°♣§)§~~≈≈≈
#....#.##....♣○#&♣D#~.~≈≈≈
##.......###≈≈#°J°2.2D...≈≈
......#..# ####♣♣##♣♣.♣...≈
...###.....#### .....≈
.##............ ♣)... .#
##.#........ ...♣
.####......≈≈≈..... ...
..........≈≈≈≈≈.... ..


You could see Cerebov (fast), a balrug (summoned), a hellion (summoned) and a
friendly quicksilver dragon (summoned).

Vanquished Creatures
  Gloorx Vloq (Pan)
  A seraph (Pan)
  A dread lich (Zot:1)
  2 ancient liches
  7 orbs of fire (Zot:5)
  Mennas (Pan)
  A juggernaut (Depths:3)
  Sojobo (Vaults:2)
  Bai Suzhen (Snake:4)
  3 Killer Klowns (Zot:5)
  4 curse toes
  3 caustic shrikes (Depths:2)
  6 golden dragons
  A bone dragon (Depths:4)
  3 electric golems
  A pearl dragon (Pan)
  11 tentacled monstrosities
  A pandemonium lord (Pan)
  A Brimstone Fiend (Pan)
  2 Ice Fiends (Pan)
  2 walking earthen tomes (Depths:2)
  9 liches
  18 Orb Guardians (Zot:5)
  11 titans
  7 quicksilver dragons
  4 searing wretches (Hell)
  16 Executioners (Pan)
  4 ancient champions
  2 deep elf blademasters
  A deep elf master archer (Elf:3)
  8 death cobs
  7 tentacled starspawn
  4 sphinxes
  Frances (Snake:2)
  2 krakens
  7 draconian monks
  Roxanne (Snake:4)
  4 revenants
  The ghost of Piceto the Pyromancer, an adept DEFE of Vehumet (Elf:2)
  8 tengu reavers
  8 storm dragons
  6 shadow dragons
  3 nagarajas
  14 daevas (Pan)
  7 fire giants
  A demonspawn warmonger (Pan)
  3 iron dragons
  6 deep elf sorcerers
  5 draconian knights
  7 draconian scorchers
  20 vault wardens
  2 ghost moths
  9 frost giants
  4 spectral caustic shrikes (Depths:3)
  10 balrugs (Pan)
  Louise (D:15)
  4 curse skulls
  3 draconian stormcallers
  A caustic shrike zombie (Crypt:3)
  2 deep elf elementalists (Elf:3)
  2 orc warlords
  3 draconian shifters
  21 angels
  11 ghouls
  10 ophanim (Pan)
  5 war gargoyles
  4 demonspawn blood saints (Pan)
  15 cacodemons
  12 stone giants
  4 draconian annihilators
  7 reapers
  5 spriggan defenders
  2 starflowers (Abyss:3)
  17 ironbound preservers
  4 demonspawn corrupters (Pan)
  6 green draconians
  20 very ugly things
  3 deep elf demonologists
  6 vampire knights
  21 apis
  6 demonspawn black suns (Pan)
  12 black draconians
  5 ironbound thunderhulks
  12 lorocyprocas
  7 yellow draconians
  Nessos (D:15)
  6 white draconians
  19 dire elephants
  A wendigo (Hell)
  5 deep elf annihilators
  3 spark wasps
  8 purple draconians
  8 red draconians
  8 blizzard demons (Pan)
  4 eidola
  8 green deaths
  10 merfolk impalers (Shoals:4)
  10 ettins
  6 fire dragons
  2 crystal guardians
  7 deep elf death magi
  6 jiangshi
  7 merfolk javelineers
  A mummy priest (Crypt:3)
  9 deep elf high priests
  Fannar (D:10)
  A quicksilver dragon skeleton (Crypt:3)
  6 ogre magi
  14 yaktaur captains
  5 rakshasas
  26 vault guards
  18 centaur warriors
  7 ice dragons
  2 salamander tyrants (Snake:4)
  3 peacekeepers
  2 hell beasts
  6 spriggan air magi
  3 hydras
  11 ironbound frosthearts
  4 catoblepae
  3 death knights
  16 anacondas
  26 two-headed ogres
  4 spriggan skeletons
  5 boulder beetles
  5 death yaks
  28 dancing weapons
  12 naga warriors
  2 tengu warriors (D:15)
  An azure jelly zombie (Crypt:2)
  3 satyrs
  A sphinx skeleton (Crypt:1)
  9 deep troll shamans
  5 merfolk aquamancers
  8 deep troll earth magi
  12 hell hogs
  6 vampire magi
  12 naga sharpshooters
  3 spriggan berserkers (Depths:2)
  31 soul eaters
  5 occultists
  2 thrashing horrors
  4 demonic crawlers (Pan)
  11 hell knights
  2 nameless horrors
  6 shock serpents
  2 orc high priests
  18 deep elf knights
  A shock serpent (shapeshifter) (Depths:3)
  A spriggan (Depths:4)
  A storm dragon zombie (Vaults:4)
  20 sixfirhies
  36 sun demons
  A spatial maelstrom (Abyss:3)
  A wretched star (Abyss:3)
  9 salamander mystics
  8 iron trolls
  7 shadow wraiths (Pan)
  A spectral spark wasp (Depths:2)
  13 skysharks
  Amaemon (Lair:3)
  16 cherubim
  29 skeletal warriors
  5 shadow demons (Pan)
  56 deep trolls
  12 sea snakes
  9 naga ritualists
  5 flayed ghosts
  3 bog bodies
  17 ironbound convokers
  An obsidian statue (Zot:5)
  5 arcanists
  10 lindwurms
  5 phantasmal warriors
  16 deep elf archers
  A bunyip skeleton (Crypt:3)
  9 orc knights
  23 deep elf zephyrmancers
  An iron giant skeleton (Crypt:3)
  An anaconda skeleton (Pan)
  17 mana vipers
  30 deep elf pyromancers
  25 harpies
  A wolf spider (shapeshifter) (Vaults:2)
  12 fauns
  A human zombie (Vaults:4)
  A shadow dragon skeleton (Crypt:3)
  41 ugly things
  25 manticores
  3 necromancers
  4 orc sorcerers
  2 worldbinders (Abyss:3)
  11 cyclopes
  A mana viper (shapeshifter) (D:14)
  An iron dragon skeleton (Crypt:3)
  8 merfolk sirens
  24 salamanders
  5 rust devils
  2 stone giant skeletons (Pan)
  19 moths of wrath
  A moth of wrath (shapeshifter) (Depths:4)
  40 black mambas
  8 guardian serpents
  15 naga magi
  2 ice statues (IceCv)
  14 vault sentinels
  19 orange demons
  3 water nymphs
  12 smoke demons
  3 gargoyles
  10 cane toads
  4 centaur skeletons
  A catoblepas zombie (Crypt:3)
  4 rime drakes
  5 efreet
  3 dire elephant skeletons
  40 yaktaurs
  10 unseen horrors
  8 komodo dragons
  10 hellions
  5 freezing wraiths
  3 ice devils
  2 ancient zymes (Abyss:3)
  6 tengu conjurers
  2 tormentors (Pan)
  A komodo dragon (shapeshifter) (Vaults:4)
  7 guardian mummies
  3 red devils
  36 merfolk
  2 hornets
  A polar bear (Vaults:1)
  A catoblepas skeleton (Crypt:3)
  7 hellwings (Pan)
  4 trolls
  A purple draconian skeleton (Crypt:2)
  11 blink frogs
  3 raiju (Abyss:3)
  16 wind drakes
  A dream sheep (shapeshifter) (Depths:4)
  A hydra skeleton (Crypt:3)
  2 harpy skeletons
  A raiju (shapeshifter) (D:14)
  A death drake skeleton (Crypt:2)
  27 dream sheep
  9 snapping turtles
  16 large abominations
  7 air elementals
  A centaur simulacrum (Hell)
  10 flying skulls
  17 water elementals
  2 shadows
  A dire elephant simulacrum (Hell)
  2 wyverns (Lair:2)
  An ice dragon skeleton (Pan)
  A vampire (D:11)
  9 wraiths
  14 ynoxinuls
  A slime creature zombie (Crypt:1)
  6 basilisks
  A black mamba skeleton (Crypt:3)
  56 yaks
  7 fire elementals
  2 hogs (Lair:5)
  A human (Lair:5)
  A tyrant leech zombie (Crypt:3)
  13 chaos spawn (Pan)
  20 neqoxecs
  A steam dragon (D:8)
  8 redbacks (Elf:2)
  12 starcursed masses (Abyss:3)
  9 vampire mosquitoes
  A spatial vortex (Abyss:3)
  Edmund (D:4)
  A warg (Vaults:5)
  39 nagas
  A naga (shapeshifter) (D:15)
  An elf skeleton (Vaults:4)
  An acid dragon (D:9)
  16 water moccasins
  4 hell hounds (Abyss:3)
  3 naga skeletons
  30 orc warriors
  5 small abominations
  An ice beast (D:7)
  2 black bears
  An ice dragon simulacrum (Hell)
  25 ogres
  A swamp dragon skeleton (Crypt:1)
  6 boggarts
  9 wolves (Lair:2)
  A blink frog skeleton (Crypt:1)
  A manticore skeleton (Crypt:2)
  6 centaurs
  A phantom (D:4)
  A draconian zombie (Crypt:1)
  A kobold brigand (D:8)
  4 bullfrogs
  8 earth elementals
  A draconian skeleton (Crypt:1)
  A cyclops skeleton (Crypt:3)
  2 necrophages (Crypt:2)
  A scorpion (D:6)
  A swamp dragon simulacrum (Hell)
  2 lindwurm simulacra (IceCv)
  14 killer bees
  A human simulacrum (Vaults:4)
  3 howler monkeys
  5 komodo dragon simulacra (IceCv)
  An iron imp (Abyss:3)
  A jelly (Sewer)
  2 hounds
  A gnoll bouda (D:9)
  12 orc priests
  2 sleepcaps
  A bullfrog skeleton (Crypt:1)
  3 iguanas
  10 orc wizards
  5 acid dragon simulacra (IceCv)
  9 gnolls
  6 adders
  8 river rats
  A shadow imp (Abyss:3)
  5 white imps
  An ufetubus (Abyss:3)
  6 steam dragon simulacra (IceCv)
  An adder zombie (Crypt:2)
  3 worms
  5 dart slugs
  42 orcs
  11 ball pythons
  A bat zombie (Crypt:3)
  11 endoplasms
  5 giant cockroaches
  3 goblins
  4 hobgoblins
  2 jackals (D:5)
  5 quokkas
  9 bats
  10 frilled lizards
  A gnoll skeleton (Crypt:2)
  12 kobolds
  21 rats
  A fire vortex (Zot:1)
  2 starspawn tentacles (Abyss:3)
  2 tentacles (Shoals:2)
2553 creatures vanquished.

Vanquished Creatures (collateral kills)
  2 pandemonium lords (Pan)
  Lom Lobon (Pan)
  Mnoleg (Pan)
  3 ancient liches
  4 orbs of fire
  Parghit (Zot:4)
  2 Killer Klowns (Zot:5)
  Margery (Crypt:2)
  Geryon (Hell)
  A curse toe (Zot:2)
  2 golden dragons
  A profane servitor (Abyss:3)
  3 bone dragons
  A Brimstone Fiend (Zot:5)
  2 electric golems
  4 tentacled monstrosities
  A hellephant (Abyss:3)
  6 Orb Guardians (Zot:5)
  A lich (Crypt:1)
  4 Ice Fiends (Pan)
  A deep elf blademaster (Elf:3)
  2 death cobs
  2 titans
  5 tentacled starspawn (Abyss:3)
  3 ancient champions (Crypt:3)
  A sphinx (Vaults:5)
  3 Executioners (Pan)
  2 shadow dragons (Zot:3)
  4 storm dragons
  6 daevas (Pan)
  A revenant (Crypt:1)
  A demonspawn warmonger (Pan)
  A draconian scorcher (Zot:2)
  A deep elf sorcerer (Elf:3)
  2 draconian knights
  4 balrugs
  A ghost moth (Zot:5)
  2 angels (Pan)
  A draconian shifter (Zot:2)
  A draconian annihilator (Pan)
  A curse skull (Crypt:2)
  4 demonspawn corrupters (Pan)
  A war gargoyle (Hell)
  A draconian stormcaller (Zot:2)
  6 cacodemons (Pan)
  2 demonspawn blood saints (Pan)
  A very ugly thing (Abyss:3)
  4 ghouls
  4 reapers
  2 ophanim (Pan)
  2 vampire knights (Crypt:1)
  2 stone giants
  2 demonspawn black suns (Pan)
  3 apis (Pan)
  A lorocyproca (Pan)
  A green draconian (Zot:2)
  4 deep elf annihilators
  5 yellow draconians
  2 red draconians (Zot:3)
  5 dire elephants (Abyss:3)
  4 purple draconians
  7 white draconians
  A black draconian (Zot:2)
  3 eidola
  A deep elf death mage (Elf:3)
  2 mummy priests (Crypt:1)
  3 jiangshi (Crypt:1)
  4 blizzard demons (Pan)
  A rakshasa (Pan)
  A spriggan air mage (Pan)
  A spriggan zombie (Crypt:1)
  2 death knights
  A hell beast (Pan)
  2 ogre magi (Orc:2)
  2 spriggan skeletons (Crypt:3)
  A naga warrior (Abyss:3)
  A vampire mage (Crypt:1)
  A stoker (Hell)
  A deep troll shaman (Depths:1)
  A quicksilver ooze zombie (Crypt:3)
  4 dancing weapons (Elf:2)
  A demonic crawler (Pan)
  A thrashing horror (Abyss:3)
  A hell hog (Hell)
  2 occultists
  A hell knight (Crypt:2)
  2 sun demons
  A deep elf knight (Elf:2)
  4 wretched stars (Abyss:3)
  4 soul eaters
  4 sixfirhies (Pan)
  23 skeletal warriors
  10 large abominations
  3 shadow demons (Pan)
  6 cherubim (Pan)
  A shadow dragon zombie (Crypt:1)
  A bunyip skeleton (Crypt:3)
  3 bog bodies
  2 deep trolls
  3 flayed ghosts
  A deep elf archer (Elf:3)
  2 phantasmal warriors (Crypt:3)
  An anaconda skeleton (Pan)
  A spectral ettin (Crypt:1)
  4 deep elf pyromancers
  3 deep elf zephyrmancers
  4 necromancers
  2 oklob plants (Abyss:3)
  4 moths of wrath
  A goliath frog skeleton (Crypt:2)
  A centaur zombie (Hell)
  An iron dragon skeleton (Crypt:3)
  A worldbinder (Abyss:3)
  3 rust devils (Hell)
  A nameless horror (Pan)
  A dire elephant zombie (Hell)
  A guardian serpent (Abyss:3)
  5 smoke demons
  5 orange demons (Pan)
  3 elephants (Abyss:3)
  An apocalypse crab (Abyss:3)
  A green draconian zombie (Crypt:1)
  A hellion (Pan)
  A freezing wraith (Abyss:3)
  A cane toad (Lair:3)
  A kobold demonologist (Abyss:3)
  4 tormentors
  2 komodo dragons
  An ancient zyme (Abyss:3)
  3 hellwings (Pan)
  A merfolk (Shoals:4)
  A spectral harpy (Crypt:1)
  4 wind drakes (Pan)
  2 raiju (Abyss:3)
  3 harpy skeletons (Crypt:3)
  6 dream sheep
  12 flying skulls
  7 ynoxinuls (Pan)
  A hog (Lair:5)
  13 starcursed masses (Abyss:3)
  11 chaos spawn (Pan)
  3 spatial vortices (Abyss:3)
  2 harpy simulacra
  11 neqoxecs
  4 nagas
  3 hell hounds (Hell)
  2 demonspawn skeletons
  A water nymph skeleton (Crypt:2)
  An ogre (Orc:2)
  A swamp dragon skeleton (Crypt:1)
  4 small abominations (Abyss:3)
  2 necrophages (Crypt:3)
  A naga simulacrum (Hell)
  A jelly (Zot:3)
  2 iron imps (Abyss:3)
  A steam dragon simulacrum (IceCv)
  A goblin zombie (Crypt:3)
  A fire vortex (Pan)
  A lurking horror (Abyss:3)
  2 starspawn tentacles (Abyss:3)
422 creatures vanquished.

Vanquished Creatures (others)
  An orb of fire (Zot:5)
  A caustic shrike (Depths:2)
  Jory (Vaults:5)
  3 acid blobs
  An Orb Guardian (Zot:5)
  A death cob (Zot:2)
  A draconian knight (Zot:1)
  6 azure jellies
  A formless jellyfish (Vaults:4)
  2 draconian shifters (Abyss:3)
  A vault warden (Vaults:1)
  A stone giant (Depths:2)
  A war gargoyle (Vaults:5)
  A white draconian (Zot:5)
  A green draconian (Zot:2)
  A vampire knight (Depths:2)
  An ironbound thunderhulk (Vaults:1)
  A red draconian (Zot:5)
  An ettin (Depths:2)
  A yaktaur captain (Vaults:4)
  A vault guard (Vaults:5)
  3 great orbs of eyes
  A rakshasa (Pan)
  An ogre mage (Vaults:5)
  4 glowing orange brains
  2 shadow demons (Pan)
  A lindwurm (shapeshifter) (Vaults:5)
  A deep elf zephyrmancer (Elf:2)
  An ironbound convoker (Vaults:4)
  2 arcanists
  A harpy (Shoals:4)
  An orc sorcerer (D:14)
  A moth of wrath (shapeshifter) (Vaults:5)
  3 ugly things
  A cyclops (D:12)
  A moth of wrath (Zot:2)
  A cyclops (shapeshifter) (Vaults:5)
  2 vault sentinels
  A black mamba (Snake:3)
  2 eyes of devastation (shapeshifter) (Vaults:5)
  A torpor snail (shapeshifter) (Vaults:5)
  A centaur skeleton (Pan)
  An unseen horror (Crypt:3)
  A catoblepas zombie (Crypt:3)
  An anaconda simulacrum (Hell)
  A tormentor (Pan)
  2 rime drakes
  A tengu conjurer (Depths:2)
  A merfolk (Shoals:4)
  A tarantella (shapeshifter) (Vaults:5)
  2 wind drakes (Pan)
  A harpy skeleton (Crypt:3)
  11 slime creatures
  3 dream sheep (Lair:5)
  A raiju (Abyss:3)
  A naga simulacrum (Hell)
  A vampire (D:12)
  A ynoxinul (Pan)
  A fire elemental (Elf:3)
  A hog (Lair:5)
  A neqoxec (Pan)
  A harpy simulacrum (Hell)
  A naga (Snake:3)
  A water moccasin (Lair:5)
  An orc warrior (D:14)
  An ettin simulacrum (Hell)
  A fire dragon simulacrum (Hell)
  2 killer bees (D:10)
  A howler monkey (D:14)
  433 jellies
  2 orc priests (Orc:2)
  4 orc wizards
  An acid dragon simulacrum (IceCv)
  A steam dragon simulacrum (IceCv)
  A worm (D:4)
  An endoplasm (D:4)
  5 orcs
  A giant cockroach (D:3)
  A hobgoblin (D:14)
  2 kobolds
  3 ball pythons
  A creeping inferno (Zot:1)
  3 lurking horrors (Abyss:3)
  4 snaplasher vines (Pan)
  24 starspawn tentacles
  19 tentacles
609 creatures vanquished.

Grand Total: 3584 creatures vanquished

Notes
Turn   | Place    | Note
-------+----------+-------------------------------------------
     0 | D:1      | Syrassil the Draconian Shapeshifter began the quest for the
                  | Orb.
     0 | D:1      | Reached XP level 1. HP: 16/16 MP: 1/1
   164 | D:1      | Found a faded altar of an unknown god.
   218 | D:1      | Reached XP level 2. HP: 22/23 MP: 2/2
   759 | D:2      | Reached XP level 3. HP: 28/28 MP: 3/3
   979 | D:2      | Found Birigoed's Weapon Emporium.
  1095 | D:2      | Reached XP level 4. HP: 35/35 MP: 4/4
  1106 | D:2      | You fall into a shaft and drop 2 floors!
  1110 | D:4      | Found a shimmering blue altar of Sif Muna.
  1179 | D:4      | Noticed a phantom
  1211 | D:4      | Killed a phantom
  1212 | D:4      | Reached skill level 5 in Shapeshifting
  1212 | D:4      | Reached XP level 5. HP: 34/40 MP: 5/5
  1261 | D:4      | Found a glowing drain.
  1277 | Sewer    | Entered a sewer
  1827 | Sewer    | Found a viscous altar of Jiyva.
  1844 | Sewer    | Became a worshipper of Jiyva Jazuol the Shapeless
  2067 | D:4      | Found a glowing silver altar of Zin.
  2090 | D:4      | Noticed Edmund
  2105 | D:4      | Killed Edmund
  2106 | D:4      | Reached XP level 6. HP: 43/47 MP: 6/6
  2771 | D:4      | Reached * piety under Jiyva
  3226 | D:3      | Reached ** piety under Jiyva
  3259 | D:3      | Found a hazy altar of Hepliaklqana.
  4036 | D:2      | Reached *** piety under Jiyva
  4417 | D:5      | Entered Level 5 of the Dungeon
  4491 | D:5      | Reached skill level 1 in Shields
  4574 | D:5      | Your scales start taking on a rich purple colour.
  4574 | D:5      | Reached XP level 7. HP: 52/56 MP: 7/7
  4757 | D:5      | Gained mutation: Your rubbery body absorbs attacks. (AC +1,
                  | EV +1) [Jiyva's grace]
  4757 | D:5      | Gained mutation: Your pliable body absorbs attacks. (AC +2,
                  | EV +2) [Jiyva's grace]
  4757 | D:5      | Gained mutation: Your gelatinous body deflects attacks. (AC
                  | +3, EV +3) [Jiyva's grace]
  4757 | D:5      | Gained mutation: You have a beak for a mouth. [Jiyva's
                  | grace]
  4757 | D:5      | Reached **** piety under Jiyva
  5642 | D:6      | Reached skill level 5 in Fighting
  5642 | D:6      | Reached XP level 8. HP: 68/68 MP: 8/8
  5649 | D:6      | Identified the staff of the Magic Mushroom {rPois Will+
                  | Str+5 Poison}
  6100 | D:7      | Reached ***** piety under Jiyva
  6206 | D:7      | Reached skill level 5 in Shields
  6230 | D:7      | Noticed a hornet
  6239 | D:7      | Paralysed by a hornet for 1 turns
  6261 | D:7      | Paralysed by a hornet for 2 turns
  6264 | D:7      | Killed a hornet
  6279 | D:7      | Found a staircase to the Ecumenical Temple.
  6326 | D:7      | Lost mutation: Your gelatinous body deflects attacks. (AC
                  | +3, EV +3) [Jiyva's grace]
  6326 | D:7      | Gained mutation: You are covered in fur. (AC +1) [Jiyva's
                  | grace]
  6326 | D:7      | Gained mutation: You are covered in thick fur. (AC +2)
                  | [Jiyva's grace]
  6326 | D:7      | Gained mutation: Your thick and shaggy fur keeps you warm.
                  | (AC +3, rC+) [Jiyva's grace]
  6326 | D:7      | Gained mutation: You have acidic saliva. [Jiyva's grace]
  7006 | D:9      | Noticed an obsidian statue
  7017 | D:9      | Found a hide-covered altar of Uskayaw.
  7017 | D:9      | Found an iron altar of Okawaru.
  7028 | D:9      | Noticed a two-headed ogre
  7045 | D:9      | Reached XP level 9. HP: 79/79 MP: 9/9
  7049 | D:9      | Killed a two-headed ogre
  7062 | D:9      | Noticed a troll
  7073 | D:9      | Killed a troll
  7242 | D:9      | Found Ymmir's Tiny Tomes.
  7248 | D:9      | Bought the Compilation of Corruption for 110 gold pieces
  7600 | D:9      | Noticed a two-headed ogre
  7613 | D:9      | Killed a two-headed ogre
  7614 | D:9      | Reached skill level 10 in Fighting
  7614 | D:9      | Reached XP level 10. HP: 85/93 MP: 10/10
  7627 | D:9      | Found a sacrificial altar of Ru.
  7845 | D:9      | Learned a level 4 spell: Olgreb's Toxic Radiance
  7847 | D:10     | Entered Level 10 of the Dungeon
  8043 | D:10     | Found a portal to a secret trove of treasure.
  8125 | D:10     | Reached skill level 1 in Poison Magic
  8253 | D:10     | Reached skill level 1 in Staves
  8299 | D:10     | Found a staircase to the Lair.
  8350 | D:10     | Noticed a boulder beetle
  8413 | D:10     | Killed a boulder beetle
  8453 | D:10     | Lost mutation: You have a beak for a mouth. [Jiyva's grace]
  8453 | D:10     | Lost mutation: Your thick and shaggy fur keeps you warm.
                  | (AC +3, rC+) [Jiyva's grace]
  8453 | D:10     | Lost mutation: You have acidic saliva. [Jiyva's grace]
  8453 | D:10     | Gained mutation: Your translucent skin slightly reduces
                  | your foes' accuracy. (Stealth+) [Jiyva's grace]
  8453 | D:10     | Gained mutation: Your translucent skin reduces your foes'
                  | accuracy. (Stealth+) [Jiyva's grace]
  8453 | D:10     | Gained mutation: Your transparent skin significantly
                  | reduces your foes' accuracy. (Stealth+) [Jiyva's grace]
  8453 | D:10     | Gained mutation: You are strong-willed. (Will+) [Jiyva's
                  | grace]
  8541 | D:10     | Noticed Fannar
  8552 | D:10     | Killed Fannar
  8553 | D:10     | Reached skill level 10 in Shields
  8844 | D:10     | Noticed a gargoyle
  8870 | D:10     | Killed a gargoyle
  8906 | IceCv    | Identified the "Muopel"
  8906 | Lair:1   | Entered Level 1 of the Lair of Beasts
  8910 | Lair:1   | Reached XP level 11. HP: 53/99 MP: 11/11
  9014 | Lair:1   | Reached skill level 1 in Evocations
  9192 | Lair:1   | Found a frozen archway.
  9234 | IceCv    | Entered an ice cave
  9754 | IceCv    | Reached XP level 12. HP: 68/106 MP: 10/12
  9870 | IceCv    | Noticed a white draconian
  9885 | IceCv    | Killed a white draconian
 10107 | Lair:1   | Noticed a catoblepas
 10125 | Lair:1   | Killed a catoblepas
 10126 | Lair:1   | Reached skill level 5 in Evocations
 10507 | Lair:2   | Identified the +8 mace of the Spinneret {heavy, rPois rN+
                  | Dex+4}
 11136 | Lair:3   | Lost mutation: Your pliable body absorbs attacks. (AC +2,
                  | EV +2) [Jiyva's grace]
 11136 | Lair:3   | Gained mutation: You are agile. (Dex +4, Str/Int -1)
                  | [Jiyva's grace]
 11136 | Lair:3   | Gained mutation: You are very agile. (Dex +8, Str/Int -2)
                  | [Jiyva's grace]
 11136 | Lair:3   | Gained mutation: Your tail ends in a venomous barb.
                  | [Jiyva's grace]
 11136 | Lair:3   | Gained mutation: Your tail ends in a sharp venomous barb.
                  | [Jiyva's grace]
 11232 | Lair:3   | Found a staircase to the Snake Pit.
 11293 | Lair:3   | Noticed Amaemon
 11301 | Lair:3   | Reached skill level 10 in Poison Magic
 11311 | Lair:3   | Killed Amaemon
 11390 | Lair:3   | Reached ****** piety under Jiyva
 11557 | Lair:3   | Reached XP level 13. HP: 93/113 MP: 13/13
 11622 | Lair:3   | Found a staircase to the Shoals.
 11762 | Lair:3   | Lost mutation: You are very agile. (Dex +8, Str/Int -2)
                  | [Jiyva's grace]
 11762 | Lair:3   | Lost mutation: You are strong-willed. (Will+) [Jiyva's
                  | grace]
 11762 | Lair:3   | Lost mutation: Your transparent skin significantly reduces
                  | your foes' accuracy. (Stealth+) [Jiyva's grace]
 11762 | Lair:3   | Gained mutation: Armour fits poorly on your pseudopods.
                  | [Jiyva's grace]
 11762 | Lair:3   | Gained mutation: Armour fits poorly on your large
                  | pseudopods. [Jiyva's grace]
 11762 | Lair:3   | Gained mutation: Armour fits poorly on your massive
                  | pseudopods. [Jiyva's grace]
 11762 | Lair:3   | Gained mutation: You have a small jelly attached to you
                  | that may absorb projectiles. [Jiyva's grace]
 12140 | Lair:4   | Reached skill level 10 in Shapeshifting
 12323 | Lair:4   | Reached skill level 10 in Evocations
 13182 | Lair:5   | Entered Level 5 of the Lair of Beasts
 13260 | Lair:5   | Reached skill level 5 in Dodging
 13269 | Lair:5   | Found a viscous altar of Jiyva.
 13270 | Lair:5   | Found a staircase to the Slime Pits.
 13340 | Lair:5   | Lost mutation: You are agile. (Dex +4, Str/Int -1) [Jiyva's
                  | grace]
 13340 | Lair:5   | Lost mutation: Armour fits poorly on your massive
                  | pseudopods. [Jiyva's grace]
 13340 | Lair:5   | Lost mutation: Your translucent skin reduces your foes'
                  | accuracy. (Stealth+) [Jiyva's grace]
 13340 | Lair:5   | Gained mutation: Your melee attacks may engulf your foes in
                  | ooze. [Jiyva's grace]
 13340 | Lair:5   | Gained mutation: Your flesh is cold resistant. (rC+)
                  | [Jiyva's grace]
 13340 | Lair:5   | Gained mutation: Your flesh is very cold resistant. (rC++)
                  | [Jiyva's grace]
 13340 | Lair:5   | Gained mutation: Your flesh is almost immune to the effects
                  | of cold. (rC+++) [Jiyva's grace]
 13376 | Lair:5   | Noticed Kirke
 13383 | Lair:5   | Slimified Kirke
 13383 | Lair:5   | Kirke changed into Kirke the azure jelly
 13383 | Lair:5   | Noticed Kirke
 13468 | Lair:5   | Found a runed translucent door.
 13479 | Lair:5   | Noticed a reaper
 13538 | Lair:5   | Killed a reaper
 13949 | Lair:5   | Reached XP level 14. HP: 117/121 MP: 14/14
 14439 | Shoals:3 | Identified the "Tepietwa"
 14439 | Vaults:5 | Identified the "Qorif"
 14439 | Crypt:1  | Identified the "Lonnizue"
 14439 | Zot:2    | Identified the of Dalor
 14439 | Slime:1  | Entered Level 1 of the Pits of Slime
 14447 | Slime:1  | Noticed a quicksilver ooze
 14455 | Slime:3  | Noticed a formless jellyfish
 14457 | Slime:3  | Noticed an azure jelly
 14516 | Slime:4  | Noticed a formless jellyfish
 14519 | Slime:4  | Noticed a formless jellyfish
 14522 | Slime:4  | Noticed a rockslime
 14572 | Slime:4  | Noticed a quicksilver ooze
 14658 | Slime:4  | Noticed a formless jellyfish
 14702 | Slime:4  | Noticed a quicksilver ooze
 14725 | Slime:5  | Entered Level 5 of the Pits of Slime
 14727 | Slime:5  | Found a viscous altar of Jiyva.
 14728 | Slime:5  | Noticed an acid blob
 14745 | Slime:5  | Noticed a formless jellyfish
 14748 | Slime:5  | Identified the +1 great mace "Jakhlir" {freeze, rCorr
                  | Str+4}
 14752 | Slime:5  | Noticed a rockslime
 14757 | Slime:5  | Identified the +8 arbalest "Lukkiz" {penet, *Corrode rF++
                  | SInv Stlth+}
 14759 | Slime:5  | Got a slimy rune of Zot
 14765 | Slime:5  | Noticed the Royal Jelly
 14782 | Slime:5  | Identified the +2 leather armour "Ucwyd" {Rampage MP+9}
 14784 | Slime:5  | Noticed an azure jelly
 14787 | Slime:5  | Noticed a formless jellyfish
 14796 | Slime:5  | Identified the +4 great sword of Yraegry {holy, Int+3}
 14798 | Slime:5  | Identified the +0 ring mail "Ysaeref" {Rampage Str-3 Int+6
                  | Dex+3}
 14801 | Slime:5  | Noticed an acid blob
 14806 | Slime:5  | Noticed a formless jellyfish
 14811 | Slime:5  | Noticed a rockslime
 14812 | Slime:5  | Noticed a formless jellyfish
 14815 | Slime:5  | Noticed an acid blob
 14895 | Slime:5  | Noticed a rockslime
 14954 | Slime:5  | Noticed a quicksilver ooze
 14969 | Slime:5  | Noticed an acid blob
 14977 | Slime:5  | Noticed a quicksilver ooze
 14991 | Slime:5  | Noticed an azure jelly
 15007 | Slime:5  | Noticed a rockslime
 15326 | Slime:4  | Noticed a quicksilver ooze
 15360 | Slime:3  | Noticed a rockslime
 15360 | Slime:3  | Noticed a formless jellyfish
 15644 | D:11     | Found a staircase to the Orcish Mines.
 15898 | D:11     | Reached skill level 10 in Dodging
 15933 | Orc:1    | Entered Level 1 of the Orcish Mines
 16143 | Orc:2    | Entered Level 2 of the Orcish Mines
 16151 | Orc:2    | Found a staircase to the Elven Halls.
 16353 | Orc:2    | Found Jewneg's Assorted Antiques.
 16353 | Orc:2    | Found Hek Uwiaddo's Armour Shop.
 16355 | Orc:2    | Found Tiprusim's Jewellery Shop.
 16355 | Orc:2    | Found Cemeyx's Distillery.
 16362 | Orc:2    | Bought a bubbling purple potion for 20 gold pieces
 16362 | Orc:2    | Bought a bubbling purple potion for 20 gold pieces
 16362 | Orc:2    | Bought a pair of gloves for 103 gold pieces
 16375 | Orc:2    | Bought the amulet "Fesahuob" {Acrobat rElec rC+ Int+3} for
                  | 802 gold pieces
 16406 | Orc:2    | Bought a heavily runed cloak for 218 gold pieces
 16406 | Orc:2    | Identified the -1 cloak of Sita {rElec rF+ Str+3 Int-5}
                  | (You bought it in a shop on level 2 of the Orcish Mines)
 16566 | Orc:2    | Lost mutation: Your flesh is almost immune to the effects
                  | of cold. (rC+++) [Jiyva's grace]
 16566 | Orc:2    | Gained mutation: Your tail ends in a wickedly sharp and
                  | venomous barb. [Jiyva's grace]
 16566 | Orc:2    | Gained mutation: Armour fits poorly on your massive
                  | pseudopods. [Jiyva's grace]
 16566 | Orc:2    | Gained mutation: You passively map a small area around you.
                  | [Jiyva's grace]
 16566 | Orc:2    | Gained mutation: You passively map the area around you.
                  | [Jiyva's grace]
 17715 | D:13     | Found a shadowy altar of Dithmenos.
 17952 | D:13     | Reached XP level 15. HP: 130/130 MP: 15/15
 18053 | D:13     | Lost mutation: Your flesh is very cold resistant. (rC++)
                  | [Jiyva's grace]
 18053 | D:13     | Lost mutation: You passively map the area around you.
                  | [Jiyva's grace]
 18053 | D:13     | Gained mutation: You have a somewhat thin skeletal
                  | structure. (Dex +2, Stealth+) [Jiyva's grace]
 18053 | D:13     | Gained mutation: You have a moderately thin skeletal
                  | structure. (Dex +4, Stealth++) [Jiyva's grace]
 18053 | D:13     | Gained mutation: You have an unnaturally thin skeletal
                  | structure. (Dex +6, Stealth+++) [Jiyva's grace]
 18053 | D:13     | Gained mutation: You have a small jelly attached to you
                  | that senses nearby items. [Jiyva's grace]
 18848 | D:14     | Found a shimmering altar of Xom.
 19060 | D:14     | Found a gate to the Vaults.
 19469 | D:15     | Entered Level 15 of the Dungeon
 19624 | D:15     | Noticed Louise
 19638 | D:15     | Killed Louise
 19912 | D:15     | Noticed Nessos
 19922 | D:15     | Killed Nessos
 19954 | D:15     | Found a staircase to the Depths.
 20103 | D:15     | Found an ornate altar of the Wu Jian Council.
 20601 | Snake:1  | Entered Level 1 of the Snake Pit
 20672 | Snake:1  | Reached XP level 16. HP: 143/143 MP: 16/16
 20754 | Snake:1  | Lost mutation: Your tail ends in a wickedly sharp and
                  | venomous barb. [Jiyva's grace]
 20754 | Snake:1  | Lost mutation: Your flesh is cold resistant. (rC+) [Jiyva's
                  | grace]
 20754 | Snake:1  | Lost mutation: Armour fits poorly on your massive
                  | pseudopods. [Jiyva's grace]
 20754 | Snake:1  | Lost mutation: Armour fits poorly on your large pseudopods.
                  | [Jiyva's grace]
 20754 | Snake:1  | Lost mutation: Your translucent skin slightly reduces your
                  | foes' accuracy. (Stealth+) [Jiyva's grace]
 20754 | Snake:1  | Lost mutation: You have a small jelly attached to you that
                  | senses nearby items. [Jiyva's grace]
 20754 | Snake:1  | Lost mutation: Your melee attacks may engulf your foes in
                  | ooze. [Jiyva's grace]
 20754 | Snake:1  | Gained mutation: You are covered in slimy tendrils that may
                  | disarm your opponents. [Jiyva's grace]
 20754 | Snake:1  | Gained mutation: You have hidden genetic potential.
                  | [Jiyva's grace]
 20754 | Snake:1  | Gained mutation: You have great hidden genetic potential.
                  | [Jiyva's grace]
 20754 | Snake:1  | Gained mutation: You expend magic power (3 MP) to
                  | strengthen your wands. [Jiyva's grace]
 21767 | Snake:2  | Found a shadowy altar of Dithmenos.
 22060 | Snake:2  | Noticed Frances
 22078 | Snake:2  | Killed Frances
 22101 | Snake:2  | Identified the +8 hand axe of Qufur {elec, rN+ Int+2
                  | Stlth+}
 22607 | Snake:3  | Lost mutation: Your tail ends in a sharp venomous barb.
                  | [Jiyva's grace]
 22607 | Snake:3  | Lost mutation: You passively map a small area around you.
                  | [Jiyva's grace]
 22607 | Snake:3  | Gained mutation: Your muscles are strong. (Str +4, Int/Dex
                  | -1) [Jiyva's grace]
 22607 | Snake:3  | Gained mutation: Your muscles are very strong. (Str +8,
                  | Int/Dex -2) [Jiyva's grace]
 22607 | Snake:3  | Gained mutation: Your melee attacks may engulf your foes in
                  | ooze. [Jiyva's grace]
 22607 | Snake:3  | Gained mutation: Your tail ends in a sharp venomous barb.
                  | [Jiyva's grace]
 23159 | Snake:3  | Found a stormy altar of Qazlal.
 23610 | Snake:4  | Entered Level 4 of the Snake Pit
 23649 | Snake:4  | Reached skill level 15 in Dodging
 23707 | Snake:4  | Reached XP level 17. HP: 154/154 MP: 17/17
 23797 | Snake:4  | Gained mutation: Your tail ends in a wickedly sharp and
                  | venomous barb. [hidden potential]
 23822 | Snake:4  | Noticed Bai Suzhen
 23845 | Snake:4  | Killed Bai Suzhen
 24290 | Snake:4  | Lost mutation: Your tail ends in a wickedly sharp and
                  | venomous barb. [Jiyva's grace]
 24290 | Snake:4  | Lost mutation: You have an unnaturally thin skeletal
                  | structure. (Dex +6, Stealth+++) [Jiyva's grace]
 24290 | Snake:4  | Lost mutation: You have a moderately thin skeletal
                  | structure. (Dex +4, Stealth++) [Jiyva's grace]
 24290 | Snake:4  | Lost mutation: Your muscles are very strong. (Str +8,
                  | Int/Dex -2) [Jiyva's grace]
 24290 | Snake:4  | Lost mutation: You have great hidden genetic potential.
                  | [Jiyva's grace]
 24290 | Snake:4  | Lost mutation: You expend magic power (3 MP) to strengthen
                  | your wands. [Jiyva's grace]
 24290 | Snake:4  | Gained mutation: You have a pair of small antennae on your
                  | head. [Jiyva's grace]
 24290 | Snake:4  | Gained mutation: You have a pair of antennae on your head.
                  | [Jiyva's grace]
 24290 | Snake:4  | Gained mutation: You have a pair of large antennae on your
                  | head. (SInv) [Jiyva's grace]
 24290 | Snake:4  | Gained mutation: You passively dampen the noise of your
                  | surroundings. [Jiyva's grace]
 24391 | Snake:4  | Noticed Roxanne
 24445 | Snake:4  | Killed Roxanne
 24728 | Snake:4  | Reached skill level 10 in Staves
 24828 | Snake:4  | Reached skill level 15 in Fighting
 25046 | Snake:4  | Got a serpentine rune of Zot
 25330 | Shoals:1 | Entered Level 1 of the Shoals
 26131 | Shoals:2 | Reached skill level 15 in Shields
 26210 | Shoals:2 | Reached XP level 18. HP: 163/163 MP: 18/18
 26297 | Shoals:2 | Gained mutation: You expend magic power (3 MP) to
                  | strengthen your wands. [hidden potential]
 26297 | Shoals:2 | Lost mutation: You have hidden genetic potential. [hidden
                  | potential expressed]
 26748 | Shoals:3 | Lost mutation: You have a pair of large antennae on your
                  | head. (SInv) [Jiyva's grace]
 26748 | Shoals:3 | Lost mutation: You have a somewhat thin skeletal structure.
                  | (Dex +2, Stealth+) [Jiyva's grace]
 26748 | Shoals:3 | Lost mutation: You are covered in slimy tendrils that may
                  | disarm your opponents. [Jiyva's grace]
 26748 | Shoals:3 | Gained mutation: You are somewhat resistant to further
                  | mutation. [Jiyva's grace]
 26748 | Shoals:3 | Gained mutation: You are somewhat resistant to both further
                  | mutation and mutation removal. [Jiyva's grace]
 26748 | Shoals:3 | Gained mutation: You are almost entirely resistant to
                  | further mutation and mutation removal. [Jiyva's grace]
 26748 | Shoals:3 | Gained mutation: Your flesh is heat resistant. (rF+)
                  | [Jiyva's grace]
 27446 | Shoals:4 | Entered Level 4 of the Shoals
 27526 | Shoals:4 | Reached skill level 15 in Shapeshifting
 27606 | Shoals:4 | Found a white marble altar of Elyvilon.
 27725 | Shoals:4 | Got a barnacled rune of Zot
 27943 | Shoals:4 | Found a glowing golden altar of the Shining One.
 28262 | Shoals:4 | Found a glowing silver altar of Zin.
 28702 | Vaults:1 | Entered Level 1 of the Vaults
 28818 | Vaults:1 | Found Equats's Assorted Antiques.
 28821 | Vaults:1 | Bought a potion of cancellation for 312 gold pieces
 28821 | Vaults:1 | Bought a potion of ambrosia for 312 gold pieces
 28934 | Vaults:1 | Learned a level 6 spell: Summon Cactus Giant
 28961 | Vaults:1 | Reached skill level 1 in Summonings
 28991 | Vaults:1 | Reached skill level 2 in Summonings
 28993 | Vaults:1 | Reached XP level 19. HP: 170/170 MP: 19/19
 29001 | Vaults:1 | Reached skill level 3 in Summonings
 29250 | Vaults:1 | Reached skill level 4 in Summonings
 29341 | Vaults:1 | Reached skill level 5 in Summonings
 29378 | Vaults:1 | Reached skill level 6 in Summonings
 29471 | Vaults:1 | Lost mutation: Your tail ends in a sharp venomous barb.
                  | [Jiyva's grace]
 29471 | Vaults:1 | Gained mutation: You are robust. (+10% HP) [Jiyva's grace]
 29471 | Vaults:1 | Gained mutation: You are very robust. (+20% HP) [Jiyva's
                  | grace]
 29471 | Vaults:1 | Gained mutation: You are extremely robust. (+30% HP)
                  | [Jiyva's grace]
 29471 | Vaults:1 | Gained mutation: A frigid envelope surrounds you and
                  | freezes all who hurt you. [Jiyva's grace]
 29620 | Vaults:1 | Reached skill level 7 in Summonings
 29858 | Vaults:2 | Found Veoxitel's Magic Scroll Emporium.
 29863 | Vaults:2 | Identified the +0 pair of gloves of Agnosticism {Rampage
                  | Regen+ Str+4 Stlth+}
 29863 | Vaults:2 | Noticed Nikola
 29867 | Vaults:2 | Slimified Nikola
 29867 | Vaults:2 | Nikola changed into Nikola the acid blob
 29867 | Vaults:2 | Noticed Nikola
 29912 | Vaults:2 | Killed Nikola the acid blob
 29980 | Vaults:2 | Reached skill level 8 in Summonings
 30074 | Vaults:2 | Reached skill level 9 in Summonings
 30312 | Vaults:2 | Reached skill level 10 in Summonings
 30327 | Vaults:2 | Found Xiugrapi's Assorted Antiques.
 30584 | Vaults:2 | Found Qosko's General Store.
 30626 | Vaults:2 | Reached skill level 11 in Summonings
 30652 | Vaults:2 | Noticed Sojobo
 30679 | Vaults:2 | Found Plog's General Store.
 30681 | Vaults:2 | Paralysed by an air elemental for 1 turns
 30686 | Vaults:2 | Killed Sojobo
 30757 | Vaults:2 | Found a staircase to the Crypt.
 30964 | Vaults:2 | Found Zyheysug's Assorted Antiques.
 31128 | Vaults:3 | Reached skill level 12 in Summonings
 31228 | Vaults:3 | Lost mutation: You have a pair of antennae on your head.
                  | [Jiyva's grace]
 31228 | Vaults:3 | Lost mutation: Your tail ends in a venomous barb. [Jiyva's
                  | grace]
 31228 | Vaults:3 | Lost mutation: Your flesh is heat resistant. (rF+) [Jiyva's
                  | grace]
 31228 | Vaults:3 | Lost mutation: You expend magic power (3 MP) to strengthen
                  | your wands. [Jiyva's grace]
 31228 | Vaults:3 | Gained mutation: You have supernaturally acute eyesight.
                  | (SInv) [Jiyva's grace]
 31228 | Vaults:3 | Gained mutation: You have large cloven feet. [Jiyva's
                  | grace]
 31228 | Vaults:3 | Gained mutation: You have hoof-like feet. [Jiyva's grace]
 31228 | Vaults:3 | Gained mutation: You have hooves in place of feet. [Jiyva's
                  | grace]
 31494 | Vaults:3 | Reached XP level 20. HP: 231/231 MP: 20/20
 31497 | Vaults:3 | Reached skill level 13 in Summonings
 31576 | Vaults:3 | Found Tohum's Armour Boutique.
 31952 | Vaults:3 | Reached skill level 14 in Summonings
 32143 | Vaults:3 | Learned a level 9 spell: Dragon's Call
 32600 | Vaults:4 | Reached skill level 15 in Summonings
 32936 | Vaults:4 | Lost mutation: You have a pair of small antennae on your
                  | head. [Jiyva's grace]
 32936 | Vaults:4 | Lost mutation: You are almost entirely resistant to further
                  | mutation and mutation removal. [Jiyva's grace]
 32936 | Vaults:4 | Lost mutation: You are extremely robust. (+30% HP) [Jiyva's
                  | grace]
 32936 | Vaults:4 | Lost mutation: You are covered in thick fur. (AC +2)
                  | [Jiyva's grace]
 32936 | Vaults:4 | Lost mutation: Your muscles are strong. (Str +4, Int/Dex
                  | -1) [Jiyva's grace]
 32936 | Vaults:4 | Lost mutation: Armour fits poorly on your pseudopods.
                  | [Jiyva's grace]
 32936 | Vaults:4 | Lost mutation: You have a small jelly attached to you that
                  | may absorb projectiles. [Jiyva's grace]
 32936 | Vaults:4 | Gained mutation: Your tail ends in a venomous barb.
                  | [Jiyva's grace]
 32936 | Vaults:4 | Gained mutation: Your tail ends in a sharp venomous barb.
                  | [Jiyva's grace]
 32936 | Vaults:4 | Gained mutation: Your tail ends in a wickedly sharp and
                  | venomous barb. [Jiyva's grace]
 32936 | Vaults:4 | Gained mutation: Your pliable body absorbs attacks. (AC +2,
                  | EV +2) [Jiyva's grace]
 33069 | Vaults:4 | Reached skill level 16 in Summonings
 33429 | Depths:1 | Entered Level 1 of the Depths
 33450 | Depths:1 | Found a gateway to a bazaar.
 33616 | Depths:1 | Found a runed translucent gate.
 33616 | Depths:1 | Found a runed translucent gate.
 33616 | Depths:1 | Found a runed translucent gate.
 33619 | Depths:1 | Noticed Haxzo's ghost (adept HOMo)
 33621 | Depths:1 | Found a one-way gate leading to the halls of Pandemonium.
 33659 | Depths:1 | Reached skill level 17 in Summonings
 33704 | Depths:1 | Found an ancient bone altar of Kikubaaqudgha.
 33973 | Depths:1 | Found a gateway to Hell.
 34298 | Depths:1 | Found a snail-covered altar of Cheibriados.
 34547 | Depths:2 | Reached XP level 21. HP: 174/220 MP: 21/21
 34569 | Depths:2 | Reached skill level 18 in Summonings
 34656 | Depths:2 | Noticed a caustic shrike
 34657 | Depths:2 | Noticed a caustic shrike
 34658 | Depths:2 | Noticed a caustic shrike
 34661 | Depths:2 | Noticed a caustic shrike
 34663 | Depths:2 | Noticed a caustic shrike
 34669 | Depths:2 | Killed a caustic shrike
 34677 | Depths:2 | Killed a caustic shrike
 34681 | Depths:2 | Slimified a caustic shrike
 34681 | Depths:2 | a caustic shrike changed into an azure jelly
 34682 | Depths:2 | Killed a caustic shrike
 34695 | Depths:2 | Killed a caustic shrike
 34917 | Depths:2 | Found a one-way gate to the infinite horrors of the Abyss.
 34969 | Depths:2 | Identified the ring of Ofolek {rF+ rC+ Dex+6}
 34997 | Depths:2 | Reached skill level 19 in Summonings
 35273 | Depths:2 | Found Etoter's Distillery.
 35495 | Depths:2 | Lost mutation: You have hooves in place of feet. [Jiyva's
                  | grace]
 35495 | Depths:2 | Lost mutation: Your tail ends in a wickedly sharp and
                  | venomous barb. [Jiyva's grace]
 35495 | Depths:2 | Lost mutation: Your pliable body absorbs attacks. (AC +2,
                  | EV +2) [Jiyva's grace]
 35495 | Depths:2 | Lost mutation: You passively dampen the noise of your
                  | surroundings. [Jiyva's grace]
 35495 | Depths:2 | Gained mutation: Your muscles are strong. (Str +4, Int/Dex
                  | -1) [Jiyva's grace]
 35495 | Depths:2 | Gained mutation: Your muscles are very strong. (Str +8,
                  | Int/Dex -2) [Jiyva's grace]
 35495 | Depths:2 | Lost mutation: You are somewhat resistant to both further
                  | mutation and mutation removal. [Jiyva's grace]
 35495 | Depths:2 | Lost mutation: You are somewhat resistant to further
                  | mutation. [Jiyva's grace]
 35495 | Depths:2 | Gained mutation: You have hidden genetic potential.
                  | [Jiyva's grace]
 35495 | Depths:2 | Gained mutation: You have great hidden genetic potential.
                  | [Jiyva's grace]
 35711 | Depths:2 | Reached skill level 20 in Summonings
 35781 | Depths:2 | Identified the +5 mace "Salielas" {heavy, rF++ rN+++ Str+3
                  | Dex-3}
 36056 | Depths:3 | Noticed Norris
 36072 | Depths:3 | Reached skill level 1 in Spellcasting
 36085 | Depths:3 | Slimified Norris
 36085 | Depths:3 | Norris changed into Norris the slime creature
 36085 | Depths:3 | Noticed Norris
 36136 | Depths:3 | Learned a level 5 spell: Summon Mana Viper
 36233 | Depths:3 | Killed Norris the slime creature
 36455 | Depths:3 | Noticed a juggernaut
 36472 | Depths:3 | Killed a juggernaut
 36517 | Depths:3 | Reached skill level 21 in Summonings
 36954 | Depths:4 | Entered Level 4 of the Depths
 36954 | Depths:4 | Found Kuiwomoum's Assorted Antiques.
 37038 | Depths:4 | Found a one-way gateway to a ziggurat.
 37058 | Depths:4 | Found Zistrenocw's Weapon Shop.
 37158 | Depths:4 | Reached XP level 22. HP: 101/230 MP: 25/25
 37272 | Depths:4 | Found a gate to the Realm of Zot.
 37419 | Depths:4 | Noticed a golden dragon
 37430 | Depths:4 | Killed a golden dragon
 37485 | Depths:4 | Found Muiferr's Magic Scroll Emporium.
 37544 | Depths:4 | Found Myelytaa's Magic Scroll Shop.
 37555 | Depths:4 | Bought a scroll of teleportation for 57 gold pieces
 37555 | Depths:4 | Bought a scroll of enchant weapon for 142 gold pieces
 38181 | Depths:3 | Noticed a golden dragon
 38193 | Depths:3 | Killed a golden dragon
 38518 | Vaults:2 | Bought a scroll of acquirement for 832 gold pieces
 38518 | Vaults:2 | Bought 2 scrolls of blinking for 240 gold pieces
 38518 | Vaults:2 | Bought a scroll of teleportation for 48 gold pieces
 38518 | Vaults:2 | Bought a scroll of fear for 64 gold pieces
 38518 | Vaults:2 | Identified the "Ypiezithe" (You acquired it on level 2 of
                  | the Vaults)
 38518 | Vaults:2 | Acquired the ring of the Marlin {rPois Str+3 Int+6 Dex+2
                  | SInv}
 38596 | Vaults:5 | Entered Level 5 of the Vaults
 38792 | Vaults:5 | Noticed an ancient lich
 38795 | Vaults:5 | Lost mutation: You are very robust. (+20% HP) [Jiyva's
                  | grace]
 38795 | Vaults:5 | Lost mutation: Your muscles are very strong. (Str +8,
                  | Int/Dex -2) [Jiyva's grace]
 38795 | Vaults:5 | Lost mutation: Your rubbery body absorbs attacks. (AC +1,
                  | EV +1) [Jiyva's grace]
 38795 | Vaults:5 | Gained mutation: Your rubbery body absorbs attacks. (AC +1,
                  | EV +1) [Jiyva's grace]
 38795 | Vaults:5 | Gained mutation: Your pliable body absorbs attacks. (AC +2,
                  | EV +2) [Jiyva's grace]
 38795 | Vaults:5 | Gained mutation: Your gelatinous body deflects attacks. (AC
                  | +3, EV +3) [Jiyva's grace]
 38795 | Vaults:5 | Gained mutation: You have a small jelly attached to you
                  | that senses nearby items. [Jiyva's grace]
 38801 | Vaults:5 | Killed an ancient lich
 38802 | Vaults:5 | Reached skill level 22 in Summonings
 38803 | Vaults:5 | Noticed an ancient lich
 38822 | Vaults:5 | Killed an ancient lich
 38825 | Vaults:5 | Gained mutation: You have hooves in place of feet. [hidden
                  | potential]
 38844 | Vaults:5 | Noticed a golden dragon
 38856 | Vaults:5 | Killed a golden dragon
 38919 | Vaults:5 | Found Xalatoeg's Magic Scroll Boutique.
 38919 | Vaults:5 | Found Gerroag's Distillery.
 38959 | Vaults:5 | Found Wabimy's Magic Scroll Boutique.
 38966 | Vaults:5 | Found Komah's Magic Scroll Shoppe.
 38982 | Vaults:5 | Noticed Jory
 38986 | Vaults:5 | Noticed an ancient lich
 38999 | Vaults:5 | HP: 8/211 [yaktaur captain/bolt (37)]
 39016 | Vaults:5 | Slimified an ancient lich
 39016 | Vaults:5 | an ancient lich changed into an acid blob
 39045 | Vaults:5 | Killed Jory
 39054 | Vaults:5 | Reached skill level 23 in Summonings
 39102 | Vaults:5 | Found Symyas's Magic Scroll Shoppe.
 39133 | Vaults:5 | Bought a scroll of enchant weapon for 105 gold pieces
 39171 | Vaults:5 | Identified the +2 sling of Blood-Lust {freeze, Str+4}
 39344 | Vaults:5 | Reached XP level 23. HP: 218/218 MP: 26/26
 39402 | Vaults:5 | Identified the +4 dagger "Icecomuj" {heavy, *Noise rN+
                  | SInv}
 39472 | Vaults:5 | Reached skill level 24 in Summonings
 39927 | Vaults:5 | Got a silver rune of Zot
 40243 | Vaults:5 | Bought a scroll of enchant weapon for 105 gold pieces
 40508 | Zot:1    | Entered Level 1 of the Realm of Zot
 41040 | Zot:1    | Noticed a curse toe
 41052 | Zot:1    | Killed a curse toe
 41058 | Zot:1    | HP: 2/206 [death cob (22)]
 41061 | Zot:1    | Noticed an ancient lich
 41064 | Zot:1    | Slimified an ancient lich
 41064 | Zot:1    | an ancient lich changed into an azure jelly
 41066 | Zot:1    | Reached skill level 25 in Summonings
 41071 | Zot:1    | HP: 3/189 [shadow dragon/bolt of negative energy (43)]
 41084 | Zot:1    | Noticed a curse toe
 41460 | Zot:1    | Gained mutation: Your mind is acute. (Int +4, Str/Dex -1)
                  | [hidden potential]
 41460 | Zot:1    | Lost mutation: You have great hidden genetic potential.
                  | [hidden potential expressed]
 41467 | Zot:1    | Noticed a dread lich
 41473 | Zot:1    | Killed a dread lich
 41495 | Zot:1    | Killed a curse toe
 42246 | Elf:1    | Entered Level 1 of the Elven Halls
 42275 | Elf:1    | Lost mutation: Your tail ends in a sharp venomous barb.
                  | [Jiyva's grace]
 42275 | Elf:1    | Gained mutation: You possess an exceptional clarity of
                  | mind. [Jiyva's grace]
 42275 | Elf:1    | Gained mutation: You have a pair of small antennae on your
                  | head. [Jiyva's grace]
 42275 | Elf:1    | Gained mutation: You have a pair of antennae on your head.
                  | [Jiyva's grace]
 42275 | Elf:1    | Gained mutation: You have a pair of large antennae on your
                  | head. (SInv) [Jiyva's grace]
 42506 | Elf:1    | Paralysed by an air elemental for 1 turns
 42588 | Elf:1    | Found Cast's Armour Boutique.
 42730 | Elf:1    | Reached skill level 26 in Summonings
 43188 | Elf:2    | Noticed Piceto's ghost (adept DEFE)
 43192 | Elf:2    | Found a runed translucent door.
 43214 | Elf:2    | Killed Piceto's ghost
 43405 | Elf:2    | Acquired the +6 Majin-Bo {spellvamp, MP+6 Int+6}
 43405 | Elf:2    | Found the +6 Majin-Bo {spellvamp, MP+6 Int+6}
 43566 | Elf:2    | Found a runed translucent gate.
 43566 | Elf:2    | Found a runed translucent gate.
 43568 | Elf:2    | Found a runed translucent gate.
 43770 | Elf:2    | Reached XP level 24. HP: 223/226 MP: 15/26
 44195 | Elf:2    | Lost mutation: Your mind is acute. (Int +4, Str/Dex -1)
                  | [Jiyva's grace]
 44195 | Elf:2    | Lost mutation: Your gelatinous body deflects attacks. (AC
                  | +3, EV +3) [Jiyva's grace]
 44195 | Elf:2    | Lost mutation: Your pliable body absorbs attacks. (AC +2,
                  | EV +2) [Jiyva's grace]
 44195 | Elf:2    | Lost mutation: Your rubbery body absorbs attacks. (AC +1,
                  | EV +1) [Jiyva's grace]
 44195 | Elf:2    | Lost mutation: You have a small jelly attached to you that
                  | senses nearby items. [Jiyva's grace]
 44195 | Elf:2    | Gained mutation: You are covered in slimy tendrils that may
                  | disarm your opponents. [Jiyva's grace]
 44195 | Elf:2    | Gained mutation: Your muscles are very strong. (Str +8,
                  | Int/Dex -2) [Jiyva's grace]
 44195 | Elf:2    | Gained mutation: You are agile. (Dex +4, Str/Int -1)
                  | [Jiyva's grace]
 44195 | Elf:2    | Gained mutation: You are very agile. (Dex +8, Str/Int -2)
                  | [Jiyva's grace]
 44250 | Elf:3    | Entered Level 3 of the Elven Halls
 44534 | Elf:3    | Reached skill level 27 in Summonings
 44635 | Elf:3    | Found Isoromn's Book Boutique.
 44636 | Elf:3    | Found Eckigego's Book Shop.
 44640 | Elf:3    | Found Muymeur's Book Boutique.
 44807 | Elf:3    | Reached skill level 5 in Spellcasting
 45039 | Elf:3    | Identified the +9 great sword "Punti" {drain, *Noise rC++
                  | Stlth+}
 45039 | Elf:3    | Identified the amulet "Serhabiu" {Faith rPois Str+2}
 45064 | Elf:3    | Identified the +10 short sword "Arcanum" {freeze, rElec rF+
                  | rC++ Dex+4 Stlth-}
 45064 | Elf:3    | Identified the ring of Xyvutick {Drain rN+ rCorr Int+4}
 45162 | Elf:3    | Identified the +6 battleaxe of Innocence {holy, Will+ Str-3
                  | Int+5 SInv}
 46012 | Zot:2    | Gained mutation: Your tail ends in a sharp venomous barb.
                  | [hidden potential]
 46199 | Zot:2    | Found the +4 dragonskin cloak
 46199 | Zot:2    | Noticed Tiamat
 46211 | Zot:2    | Reached skill level 10 in Spellcasting
 46250 | Zot:2    | Slimified Tiamat
 46250 | Zot:2    | Tiamat changed into Tiamat the azure jelly
 46250 | Zot:2    | Noticed Tiamat
 46271 | Zot:2    | Killed Tiamat the azure jelly
 46744 | Zot:2    | Found a shadowy altar of Dithmenos.
 46752 | Zot:2    | Found a hazy altar of Hepliaklqana.
 46840 | Zot:2    | Lost mutation: You have a pair of large antennae on your
                  | head. (SInv) [Jiyva's grace]
 46840 | Zot:2    | Lost mutation: You have hooves in place of feet. [Jiyva's
                  | grace]
 46840 | Zot:2    | Gained mutation: You are strong-willed. (Will+) [Jiyva's
                  | grace]
 46840 | Zot:2    | Gained mutation: You are highly strong-willed. (Will++)
                  | [Jiyva's grace]
 46840 | Zot:2    | Gained mutation: You are extremely strong-willed. (Will+++)
                  | [Jiyva's grace]
 46840 | Zot:2    | Gained mutation: You expend magic power (3 MP) to
                  | strengthen your wands. [Jiyva's grace]
 47066 | Zot:3    | Noticed an orb of fire
 47079 | Zot:2    | Gained mutation: Your spells are a little easier to cast,
                  | but a little less powerful. [an orb of fire]
 47080 | Zot:2    | Lost mutation: You possess an exceptional clarity of mind.
                  | [an orb of fire]
 47089 | Zot:2    | Gained mutation: You occasionally shout uncontrollably at
                  | your foes. [an orb of fire]
 47093 | Zot:2    | Killed an orb of fire
 47428 | Zot:3    | Reached XP level 25. HP: 234/234 MP: 33/39
 48407 | Zot:4    | Noticed Parghit
 48418 | Zot:4    | Killed Parghit
 48701 | Zot:5    | Entered Level 5 of the Realm of Zot
 48917 | Zot:5    | Noticed an orb of fire
 48927 | Zot:5    | Lost mutation: Your tail ends in a sharp venomous barb. [an
                  | orb of fire]
 48938 | Zot:5    | Gained mutation: Your magical capacity is low. (-10% MP)
                  | [an orb of fire]
 48957 | Zot:5    | Killed an orb of fire
 49215 | Zot:5    | Lost mutation: You have a pair of antennae on your head.
                  | [Jiyva's grace]
 49215 | Zot:5    | Lost mutation: You occasionally shout uncontrollably at
                  | your foes. [Jiyva's grace]
 49215 | Zot:5    | Lost mutation: You are covered in slimy tendrils that may
                  | disarm your opponents. [Jiyva's grace]
 49215 | Zot:5    | Lost mutation: Your spells are a little easier to cast, but
                  | a little less powerful. [Jiyva's grace]
 49215 | Zot:5    | Lost mutation: You expend magic power (3 MP) to strengthen
                  | your wands. [Jiyva's grace]
 49215 | Zot:5    | Gained mutation: You have great hidden genetic potential.
                  | [Jiyva's grace]
 49215 | Zot:5    | Gained mutation: You are covered in slimy tendrils that may
                  | disarm your opponents. [Jiyva's grace]
 49215 | Zot:5    | Lost mutation: You have hoof-like feet. [Jiyva's grace]
 49215 | Zot:5    | Lost mutation: You have large cloven feet. [Jiyva's grace]
 49215 | Zot:5    | Gained mutation: You have sharp toenails. [Jiyva's grace]
 49215 | Zot:5    | Gained mutation: You have razor-sharp toenails. [Jiyva's
                  | grace]
 49308 | Zot:5    | Noticed an orb of fire
 49313 | Zot:5    | Gained mutation: You are dopey. (Int -2) [an orb of fire]
 49324 | Zot:5    | Gained mutation: You occasionally lose the ability to drink
                  | potions when taking damage. [an orb of fire]
 49331 | Zot:5    | Killed an orb of fire
 49557 | Zot:5    | Gained mutation: Your tail ends in a sharp venomous barb.
                  | [hidden potential]
 49557 | Zot:5    | Lost mutation: You have great hidden genetic potential.
                  | [hidden potential expressed]
 49567 | Zot:5    | Noticed an ancient lich
 49576 | Zot:5    | Slimified an ancient lich
 49576 | Zot:5    | an ancient lich changed into an acid blob
 49580 | Zot:5    | Noticed an orb of fire
 49593 | Zot:5    | Noticed a dread lich
 49600 | Zot:5    | Slimified a dread lich
 49600 | Zot:5    | a dread lich changed into an azure jelly
 49621 | Zot:5    | Noticed an orb of fire
 49625 | Zot:5    | Noticed an orb of fire
 49630 | Zot:5    | Noticed a Killer Klown
 49633 | Zot:5    | Noticed an ancient lich
 49633 | Zot:5    | Gained mutation: You are vulnerable to cold. (rC-) [an orb
                  | of fire]
 49634 | Zot:5    | Killed an orb of fire
 49636 | Zot:5    | Gained mutation: Potions are less effective at restoring
                  | your health. [an orb of fire]
 49644 | Zot:5    | Killed an orb of fire
 49646 | Zot:5    | Slimified an ancient lich
 49646 | Zot:5    | an ancient lich changed into an azure jelly
 49652 | Zot:5    | Lost mutation: You have hidden genetic potential. [an orb
                  | of fire]
 49653 | Zot:5    | Gained mutation: You sometimes lose the ability to drink
                  | potions when taking damage. [an orb of fire]
 49655 | Zot:5    | Killed an orb of fire
 49656 | Zot:5    | Reached skill level 15 in Spellcasting
 49658 | Zot:5    | Killed a Killer Klown
 49661 | Zot:5    | Noticed an orb of fire
 49673 | Zot:5    | Killed an orb of fire
 49717 | Zot:5    | Noticed a Killer Klown
 49731 | Zot:5    | Killed a Killer Klown
 49776 | Zot:5    | Noticed an orb of fire
 49783 | Zot:5    | Lost mutation: You are robust. (+10% HP) [an orb of fire]
 49797 | Zot:5    | Killed an orb of fire
 49909 | Zot:5    | Noticed a Killer Klown
 49915 | Zot:5    | Noticed an orb of fire
 49939 | Zot:5    | Killed an orb of fire
 49967 | Zot:5    | Killed a Killer Klown
 50013 | Zot:5    | Noticed a Killer Klown
 50082 | Zot:5    | Noticed an orb of fire
 50087 | Zot:5    | Lost mutation: You have razor-sharp toenails. [an orb of
                  | fire]
 50091 | Zot:5    | Gained mutation: Your magical capacity is very low. (-20%
                  | MP) [an orb of fire]
 50108 | Zot:5    | Killed an orb of fire
 50246 | Zot:5    | Noticed an orb of fire
 50252 | Zot:5    | Noticed an orb of fire
 50253 | Zot:5    | Gained mutation: You occasionally lose the ability to read
                  | scrolls when taking damage. [an orb of fire]
 50258 | Zot:5    | Gained mutation: You sometimes lose the ability to read
                  | scrolls when taking damage. [an orb of fire]
 50262 | Zot:5    | Noticed an ancient lich
 50269 | Zot:5    | Gained mutation: You occasionally shout uncontrollably at
                  | your foes. [an orb of fire]
 50269 | Zot:5    | HP: 1/216 [ancient lich/crystal spear (77)]
 50932 | Crypt:1  | Entered Level 1 of the Crypt
 51414 | Crypt:1  | Reached XP level 26. HP: 217/226 MP: 33/33
 52383 | Crypt:2  | Noticed Margery
 52395 | Crypt:2  | Killed Margery
 52760 | Crypt:2  | Lost mutation: Your tail ends in a sharp venomous barb.
                  | [Jiyva's grace]
 52760 | Crypt:2  | Lost mutation: You have sharp toenails. [Jiyva's grace]
 52760 | Crypt:2  | Lost mutation: Your magical capacity is very low. (-20% MP)
                  | [Jiyva's grace]
 52760 | Crypt:2  | Lost mutation: You are extremely strong-willed. (Will+++)
                  | [Jiyva's grace]
 52760 | Crypt:2  | Lost mutation: You occasionally shout uncontrollably at
                  | your foes. [Jiyva's grace]
 52760 | Crypt:2  | Lost mutation: You are covered in fur. (AC +1) [Jiyva's
                  | grace]
 52760 | Crypt:2  | Lost mutation: Potions are less effective at restoring your
                  | health. [Jiyva's grace]
 52760 | Crypt:2  | Lost mutation: You sometimes lose the ability to drink
                  | potions when taking damage. [Jiyva's grace]
 52760 | Crypt:2  | Lost mutation: You sometimes lose the ability to read
                  | scrolls when taking damage. [Jiyva's grace]
 52760 | Crypt:2  | Lost mutation: Your melee attacks may engulf your foes in
                  | ooze. [Jiyva's grace]
 52760 | Crypt:2  | Gained mutation: You have a small jelly attached to you
                  | that senses nearby items. [Jiyva's grace]
 52760 | Crypt:2  | Gained mutation: Your system is resistant to poisons.
                  | (rPois) [Jiyva's grace]
 52760 | Crypt:2  | Gained mutation: You have sharp toenails. [Jiyva's grace]
 52760 | Crypt:2  | Gained mutation: You have razor-sharp toenails. [Jiyva's
                  | grace]
 52834 | Crypt:2  | Lost mutation: You have razor-sharp toenails. [potion of
                  | mutation]
 52834 | Crypt:2  | Lost mutation: You occasionally lose the ability to drink
                  | potions when taking damage. [potion of mutation]
 52834 | Crypt:2  | Gained mutation: You have hidden genetic potential. [potion
                  | of mutation]
 52835 | Crypt:2  | Lost mutation: You are very agile. (Dex +8, Str/Int -2)
                  | [potion of mutation]
 52835 | Crypt:2  | Lost mutation: Your muscles are very strong. (Str +8,
                  | Int/Dex -2) [potion of mutation]
 52835 | Crypt:2  | Lost mutation: You have hidden genetic potential. [potion
                  | of mutation]
 52835 | Crypt:2  | Gained mutation: Your flesh is heat resistant. (rF+)
                  | [potion of mutation]
 52836 | Crypt:2  | Lost mutation: You are agile. (Dex +4, Str/Int -1) [potion
                  | of mutation]
 52836 | Crypt:2  | Lost mutation: You are highly strong-willed. (Will++)
                  | [potion of mutation]
 52836 | Crypt:2  | Lost mutation: A frigid envelope surrounds you and freezes
                  | all who hurt you. [potion of mutation]
 52837 | Crypt:2  | Lost mutation: You have a pair of small antennae on your
                  | head. [potion of mutation]
 52837 | Crypt:2  | Lost mutation: You have sharp toenails. [potion of
                  | mutation]
 52837 | Crypt:2  | Lost mutation: You have a small jelly attached to you that
                  | senses nearby items. [potion of mutation]
 52837 | Crypt:2  | Lost mutation: Your muscles are strong. (Str +4, Int/Dex
                  | -1) [potion of mutation]
 52838 | Crypt:2  | Lost mutation: Your system is resistant to poisons. (rPois)
                  | [potion of mutation]
 52838 | Crypt:2  | Lost mutation: You are strong-willed. (Will+) [potion of
                  | mutation]
 52838 | Crypt:2  | Lost mutation: You have supernaturally acute eyesight.
                  | (SInv) [potion of mutation]
 52838 | Crypt:2  | Gained mutation: Your magical capacity is very low. (-20%
                  | MP) [potion of mutation]
 52839 | Crypt:2  | Lost mutation: You occasionally lose the ability to read
                  | scrolls when taking damage. [potion of mutation]
 52839 | Crypt:2  | Lost mutation: You are vulnerable to cold. (rC-) [potion of
                  | mutation]
 52839 | Crypt:2  | Lost mutation: You are covered in slimy tendrils that may
                  | disarm your opponents. [potion of mutation]
 52860 | Crypt:3  | Entered Level 3 of the Crypt
 53179 | Crypt:3  | Found a staircase to the Tomb.
 53430 | Crypt:3  | Noticed an ancient lich
 53434 | Crypt:3  | Found an ancient bone altar of Kikubaaqudgha.
 53443 | Crypt:3  | Killed an ancient lich
 54202 | Crypt:3  | Identified the +1 cloak "Anwal" {Str+5 Int+4}
 54761 | Zot:5    | Killed an orb of fire
 54774 | Zot:5    | Gained mutation: Your spells are a little harder to cast,
                  | but a little more powerful. [an orb of fire]
 54777 | Zot:5    | Killed an orb of fire
 54786 | Zot:5    | Killed an ancient lich
 54933 | Zot:5    | Noticed an ancient lich
 54937 | Zot:5    | Reached XP level 27. HP: 153/246 MP: 25/33
 54939 | Zot:5    | Killed an ancient lich
 55447 | Depths:3 | Voluntarily entered the Abyss.
 55461 | Abyss:1  | Found a corrupted altar of Lugonu.
 55575 | Abyss:2  | Lost mutation: You are dopey. (Int -2) [Jiyva's grace]
 55575 | Abyss:2  | Lost mutation: Your magical capacity is very low. (-20% MP)
                  | [Jiyva's grace]
 55575 | Abyss:2  | Lost mutation: Your magical capacity is low. (-10% MP)
                  | [Jiyva's grace]
 55575 | Abyss:2  | Gained mutation: Your mind is acute. (Int +4, Str/Dex -1)
                  | [Jiyva's grace]
 55575 | Abyss:2  | Gained mutation: Your mind is very acute. (Int +8, Str/Dex
                  | -2) [Jiyva's grace]
 55575 | Abyss:2  | Gained mutation: Your translucent skin slightly reduces
                  | your foes' accuracy. (Stealth+) [Jiyva's grace]
 55575 | Abyss:2  | Gained mutation: Your translucent skin reduces your foes'
                  | accuracy. (Stealth+) [Jiyva's grace]
 55575 | Abyss:2  | Found a corrupted altar of Lugonu.
 55624 | Abyss:3  | Found a corrupted altar of Lugonu.
 55624 | Abyss:3  | Found a corrupted altar of Lugonu.
 55631 | Abyss:3  | Paralysed by accursed screaming for 2 turns
 55734 | Abyss:3  | Learned a level 5 spell: Summon Forest
 55739 | Abyss:3  | Learned a level 4 spell: Summon Lightning Spire
 55747 | Abyss:3  | Learned a level 7 spell: Haunt
 55897 | Abyss:3  | Paralysed by an air elemental for 1 turns
 55904 | Abyss:3  | Paralysed by an air elemental for 1 turns
 56020 | Abyss:3  | Paralysed by you for 5 turns
 56028 | Abyss:3  | Found a corrupted altar of Lugonu.
 56068 | Abyss:3  | Found a huge runed translucent gate.
 56068 | Abyss:3  | Found a huge runed translucent gate.
 56068 | Abyss:3  | Found a huge runed translucent gate.
 56068 | Abyss:3  | Found a huge runed translucent gate.
 56068 | Abyss:3  | Found a huge runed translucent gate.
 56081 | Abyss:3  | Found a runed translucent door.
 56097 | Abyss:3  | Gained mutation: Your magical capacity is low. (-10% MP) [a
                  | neqoxec]
 56113 | Abyss:3  | Found a corrupted altar of Lugonu.
 56126 | Abyss:3  | Got an abyssal rune of Zot
 56151 | Abyss:3  | Found a huge runed translucent gate.
 56151 | Abyss:3  | Found a huge runed translucent gate.
 56151 | Abyss:3  | Found a huge runed translucent gate.
 56151 | Abyss:3  | Found a huge runed translucent gate.
 56151 | Abyss:3  | Found a huge runed translucent gate.
 56165 | Abyss:3  | Found a runed translucent door.
 56278 | Abyss:3  | Gained mutation: You occasionally shout uncontrollably at
                  | your foes. [a neqoxec]
 56281 | Abyss:3  | Gained mutation: You have hidden genetic defects. [a
                  | neqoxec]
 56286 | Abyss:3  | Found a huge runed translucent gate.
 56286 | Abyss:3  | Found a huge runed translucent gate.
 56286 | Abyss:3  | Found a huge runed translucent gate.
 56294 | Abyss:3  | Found a runed translucent door.
 56297 | Abyss:3  | Found a runed translucent door.
 56315 | Abyss:3  | Found a runed translucent door.
 56397 | Abyss:3  | Found a corrupted altar of Lugonu.
 56404 | Depths:3 | Escaped the Abyss
 56476 | Hell     | Entered the Vestibule of Hell
 56476 | Hell     | Noticed Geryon
 56476 | Hell     | Found a gateway to the freezing wastes of Cocytus.
 56488 | Hell     | Found a gateway to the ashen valley of Gehenna.
 56783 | Hell     | Killed Geryon
 56791 | Depths:3 | Gained mutation: Potions are less effective at restoring
                  | your health. [hidden defects]
 57153 | Hell     | Found a gateway to the decaying netherworld of Tartarus.
 57303 | Hell     | Found a gateway to the Iron City of Dis.
 57554 | Tomb:3   | Identified the "Apanycu"
 57554 | Tar:7    | Identified the "Dumeug"
 57554 | Pan      | Entered the realm of Mnoleg.
 57554 | Pan      | Entered Pandemonium
 57568 | Pan      | Gained mutation: You occasionally lose the ability to read
                  | scrolls when taking damage. [a neqoxec]
 57664 | Pan      | Gained mutation: You sometimes lose the ability to read
                  | scrolls when taking damage. [a neqoxec]
 57683 | Pan      | Lost mutation: Your spells are a little harder to cast, but
                  | a little more powerful. [a neqoxec]
 57686 | Pan      | Gained mutation: You are clumsy. (Dex -2) [a neqoxec]
 57689 | Pan      | Gained mutation: Your body sometimes deteriorates upon
                  | taking damage. [a cacodemon]
 57730 | Pan      | Noticed Mnoleg
 57779 | Pan      | Killed Mnoleg
 57862 | Pan      | Got a glowing rune of Zot
 57946 | Pan      | Gained mutation: You are frail. (-10% HP) [a cacodemon]
 57947 | Pan      | Lost mutation: Your mind is very acute. (Int +8, Str/Dex
                  | -2) [a cacodemon]
 57989 | Pan      | Lost mutation: Your body sometimes deteriorates upon taking
                  | damage. [Jiyva's grace]
 57989 | Pan      | Lost mutation: Your flesh is heat resistant. (rF+) [Jiyva's
                  | grace]
 57989 | Pan      | Lost mutation: You have hidden genetic defects. [Jiyva's
                  | grace]
 57989 | Pan      | Gained mutation: Your transparent skin significantly
                  | reduces your foes' accuracy. (Stealth+) [Jiyva's grace]
 57989 | Pan      | Gained mutation: You have sharp toenails. [Jiyva's grace]
 57989 | Pan      | Gained mutation: You have razor-sharp toenails. [Jiyva's
                  | grace]
 57989 | Pan      | Gained mutation: You have claws for feet. [Jiyva's grace]
 58175 | Pan      | Identified the +7 battleaxe of Gravity {drain, rElec rC+}
 58199 | Pan      | Lost mutation: Your mind is acute. (Int +4, Str/Dex -1) [a
                  | cacodemon]
 58204 | Pan      | Gained mutation: You do not regenerate when monsters are
                  | visible. [a neqoxec]
 58206 | Pan      | Gained mutation: Your spells are a little easier to cast,
                  | but a little less powerful. [a neqoxec]
 58209 | Pan      | Lost mutation: Your transparent skin significantly reduces
                  | your foes' accuracy. (Stealth+) [a neqoxec]
 58500 | Pan      | Noticed Kioqutzo the pandemonium lord
 58505 | Pan      | Lost mutation: Your tail ends in a venomous barb. [potion
                  | of mutation]
 58505 | Pan      | Lost mutation: You are frail. (-10% HP) [potion of
                  | mutation]
 58505 | Pan      | Lost mutation: You have claws for feet. [potion of
                  | mutation]
 58523 | Pan      | Gained mutation: You are dopey. (Int -2) [a neqoxec]
 58525 | Pan      | Killed Kioqutzo the pandemonium lord
 58641 | Pan      | Lost mutation: Potions are less effective at restoring your
                  | health. [potion of mutation]
 58641 | Pan      | Lost mutation: You do not regenerate when monsters are
                  | visible. [potion of mutation]
 58641 | Pan      | Lost mutation: You are clumsy. (Dex -2) [potion of
                  | mutation]
 59102 | Pan      | Gained mutation: You are weak. (Str -2) [a neqoxec]
 59241 | Pan      | Gained mutation: You are very dopey. (Int -4) [a neqoxec]
 59770 | Pan      | Noticed Gimoges the pandemonium lord
 59994 | Pan      | Gained mutation: You frequently scream uncontrollably at
                  | your foes. [a cacodemon]
 59996 | Pan      | Lost mutation: You sometimes lose the ability to read
                  | scrolls when taking damage. [a cacodemon]
 60086 | Pan      | Lost mutation: You are very dopey. (Int -4) [Jiyva's grace]
 60086 | Pan      | Lost mutation: You are dopey. (Int -2) [Jiyva's grace]
 60086 | Pan      | Lost mutation: You frequently scream uncontrollably at your
                  | foes. [Jiyva's grace]
 60086 | Pan      | Lost mutation: You are weak. (Str -2) [Jiyva's grace]
 60086 | Pan      | Lost mutation: Your translucent skin reduces your foes'
                  | accuracy. (Stealth+) [Jiyva's grace]
 60086 | Pan      | Lost mutation: You occasionally lose the ability to read
                  | scrolls when taking damage. [Jiyva's grace]
 60086 | Pan      | Gained mutation: You have a pair of small horns on your
                  | head. [Jiyva's grace]
 60086 | Pan      | Gained mutation: You have a pair of horns on your head.
                  | [Jiyva's grace]
 60086 | Pan      | Gained mutation: You have a pair of large horns on your
                  | head. [Jiyva's grace]
 60086 | Pan      | Gained mutation: You have acidic saliva. [Jiyva's grace]
 60129 | Pan      | Paralysed by accursed screaming for 2 turns
 60135 | Pan      | Paralysed by accursed screaming for 1 turns
 60340 | Pan      | Found a runed translucent door.
 60372 | Pan      | Found a runed translucent door.
 60377 | Pan      | Found a runed translucent door.
 60379 | Pan      | Noticed Omeutrit the pandemonium lord
 60520 | Pan      | Found an exit through the horrors of the Abyss.
 60532 | Pan      | Identified the +0 falchion of the Endless Expanse {heavy,
                  | rElec Dex+3 Stlth+}
 60723 | Pan      | Noticed Emodouz the pandemonium lord
 60753 | Pan      | Killed Emodouz the pandemonium lord
 60940 | Pan      | Identified the talisman of death of the Shrinking Gods
                  | {Str+4 Slay+3}
 61044 | Pan      | Found an exit through the horrors of the Abyss.
 61292 | Pan      | Noticed Feske the pandemonium lord
 61309 | Pan      | Killed Feske the pandemonium lord
 61748 | Pan      | Entered the realm of Lom Lobon.
 62062 | Pan      | Noticed Lom Lobon
 62075 | Pan      | Killed Lom Lobon
 62095 | Pan      | Got a magical rune of Zot
 62299 | Pan      | Found an exit through the horrors of the Abyss.
 62476 | Pan      | Lost mutation: You have a pair of large horns on your head.
                  | [Jiyva's grace]
 62476 | Pan      | Lost mutation: Your magical capacity is low. (-10% MP)
                  | [Jiyva's grace]
 62476 | Pan      | Lost mutation: You have acidic saliva. [Jiyva's grace]
 62476 | Pan      | Lost mutation: Your translucent skin slightly reduces your
                  | foes' accuracy. (Stealth+) [Jiyva's grace]
 62476 | Pan      | Lost mutation: Your spells are a little easier to cast, but
                  | a little less powerful. [Jiyva's grace]
 62476 | Pan      | Gained mutation: Your melee attacks may engulf your foes in
                  | ooze. [Jiyva's grace]
 62476 | Pan      | Gained mutation: Your translucent skin slightly reduces
                  | your foes' accuracy. (Stealth+) [Jiyva's grace]
 62476 | Pan      | Gained mutation: Your translucent skin reduces your foes'
                  | accuracy. (Stealth+) [Jiyva's grace]
 62476 | Pan      | Gained mutation: Your transparent skin significantly
                  | reduces your foes' accuracy. (Stealth+) [Jiyva's grace]
 62650 | Pan      | Entered the realm of Gloorx Vloq.
 63173 | Pan      | Noticed Gloorx Vloq
 64625 | Pan      | Killed Gloorx Vloq
 64655 | Pan      | Got a dark rune of Zot
 64788 | Pan      | Identified the "Eklackuidd"
 64788 | Pan      | Identified the of Feloufiu
 64788 | Pan      | Identified the "Fetat"
 64937 | Pan      | Found a glowing silver altar of Zin.
 65745 | Pan      | Identified the ring of Tulips {rElec rC- rN+ Will+ rCorr}
 65745 | Pan      | Noticed a seraph
 65766 | Pan      | Killed a seraph
 65817 | Pan      | Found a glowing golden altar of the Shining One.
 65845 | Pan      | Got a demonic rune of Zot
 66384 | Pan      | Lost mutation: You have razor-sharp toenails. [Jiyva's
                  | grace]
 66384 | Pan      | Lost mutation: Your transparent skin significantly reduces
                  | your foes' accuracy. (Stealth+) [Jiyva's grace]
 66384 | Pan      | Lost mutation: Your translucent skin reduces your foes'
                  | accuracy. (Stealth+) [Jiyva's grace]
 66384 | Pan      | Lost mutation: Your melee attacks may engulf your foes in
                  | ooze. [Jiyva's grace]
 66384 | Pan      | Gained mutation: Your muscles are strong. (Str +4, Int/Dex
                  | -1) [Jiyva's grace]
 66384 | Pan      | Gained mutation: Your muscles are very strong. (Str +8,
                  | Int/Dex -2) [Jiyva's grace]
 66384 | Pan      | Gained mutation: Your body has grown eyes which may confuse
                  | attackers. (Acc +3) [Jiyva's grace]
 66384 | Pan      | Gained mutation: Your body has grown many eyes which may
                  | confuse attackers. (Acc +5) [Jiyva's grace]
 66981 | Pan      | Identified the +4 buckler "Dutseoru" {Str+2}
 67099 | Pan      | Found a white marble altar of Elyvilon.
 67398 | Pan      | Gained mutation: You do not regenerate when monsters are
                  | visible. [a neqoxec]
 67536 | Pan      | Gained mutation: You sometimes lose your temper in combat.
                  | [a cacodemon]
 67546 | Pan      | Gained mutation: You have hidden genetic defects. [a
                  | cacodemon]
 67548 | Pan      | Gained mutation: You occasionally lose the ability to read
                  | scrolls when taking damage. [a cacodemon]
 67552 | Pan      | Gained mutation: You are frail. (-10% HP) [a cacodemon]
 67793 | Pan      | Lost mutation: You do not regenerate when monsters are
                  | visible. [potion of mutation]
 67793 | Pan      | Lost mutation: You are frail. (-10% HP) [potion of
                  | mutation]
 67793 | Pan      | Gained mutation: You have a pair of large horns on your
                  | head. [potion of mutation]
 67825 | Pan      | Noticed Mennas
 67883 | Pan      | Killed Mennas
 67964 | Pan      | Noticed Xodairat the pandemonium lord
 68131 | Pan      | Entered the realm of Cerebov.
 68408 | Pan      | Lost mutation: You have hidden genetic defects. [potion of
                  | mutation]
 68408 | Pan      | Lost mutation: Your body has grown many eyes which may
                  | confuse attackers. (Acc +5) [potion of mutation]
 68408 | Pan      | Lost mutation: Your body has grown eyes which may confuse
                  | attackers. (Acc +3) [potion of mutation]
 68408 | Pan      | Lost mutation: Your translucent skin slightly reduces your
                  | foes' accuracy. (Stealth+) [potion of mutation]
 68408 | Pan      | Lost mutation: You have a pair of large horns on your head.
                  | [potion of mutation]
 68408 | Pan      | Gained mutation: You are strong-willed. (Will+) [potion of
                  | mutation]
 68408 | Pan      | Gained mutation: You have razor-sharp toenails. [potion of
                  | mutation]
 68409 | Pan      | Lost mutation: You have a pair of horns on your head.
                  | [potion of mutation]
 68409 | Pan      | Lost mutation: You occasionally lose the ability to read
                  | scrolls when taking damage. [potion of mutation]
 68409 | Pan      | Lost mutation: You have a pair of small horns on your head.
                  | [potion of mutation]
 68409 | Pan      | Gained mutation: You have hidden genetic defects. [potion
                  | of mutation]
 68409 | Pan      | Gained mutation: You expend magic power (3 MP) to
                  | strengthen your wands. [potion of mutation]
 68410 | Pan      | Lost mutation: You are strong-willed. (Will+) [potion of
                  | mutation]
 68410 | Pan      | Lost mutation: You expend magic power (3 MP) to strengthen
                  | your wands. [potion of mutation]
 68410 | Pan      | Lost mutation: Your muscles are very strong. (Str +8,
                  | Int/Dex -2) [potion of mutation]
 68410 | Pan      | Gained mutation: Your skin changes colour to match your
                  | surroundings (Stealth+). [potion of mutation]
 68411 | Pan      | Lost mutation: You occasionally shout uncontrollably at
                  | your foes. [potion of mutation]
 68411 | Pan      | Lost mutation: You sometimes lose your temper in combat.
                  | [potion of mutation]
 68411 | Pan      | Lost mutation: Your skin changes colour to match your
                  | surroundings (Stealth+). [potion of mutation]
 68411 | Pan      | Gained mutation: Your natural rate of healing is unusually
                  | fast. [potion of mutation]
 68493 | Pan      | Found the +6 sword of Cerebov {flame}
 68493 | Pan      | Noticed Cerebov
 68516 | Pan      | Mangled by Cerebov

Illustrated notes

Levels and vault maps discovered:
D:1:      minmay_arrival_checkered_box, layout_basic,
          dreamdust_ecumenical_altar_grove, minmay_misc_feat_doors,
          hangedman_decor_points
D:2:      layout_basic, serial_shops, nicolae_lakefront_shop,
          minmay_misc_feat_four_crosses, dk_noncrumbling_3,
          minmay_goblin_kobold_house
D:3:      layout_basic, nzn_hepliaklqana_mist_gate, kennysheep_boxes
D:4:      layout_layer_cave, lemuel_tele_altar, led_sif_pool,
          portal_sewer_entry_b, uniq_edmund
D:5:      layout_gridville
D:6:      layout_cave_pods, dk_rats_in_the_wall
D:7:      layout_rooms, minmay_temple_entry_hall
D:8:      layout_rooms, nrook_mini_vaults
D:9:      layout_roguey, lemuel_coloured_pillars_altar,
          nicolae_overflow_two_pavilions, minmay_misc_feat_secret_circle,
          nicolae_shop_i_like_small_books_too, minmay_statue_bubble
D:10:     layout_basic, david_lair_shrubbed, trove_entry_hex_spiral, uniq_fannar
D:11:     layout_small_grid, minmay_orc_entry_temple_small
D:12:     layout_basic
D:13:     layout_cave_pods, hex_tiny, grunt_dithmenos_smoke_and_mirrors
D:14:     orc_temple, layout_loops_cross, hellmonk_vaults_keyhole,
          kennysheep_decorative_pillar, tgw_xom
D:15:     hellmonk_depths_entry_around_the_bend, layout_loops_cross,
          pdpol_wu_jian_five_deadly_venoms, uniq_nessos, uniq_louise
Lair:1:   layout_concentric_octagons, portal_ice_cave_demonic_guard,
          grunt_megastairs_3
Lair:2:   layout_roguey, infiniplex_staircase_pool_2, grunt_megastairs_2
Lair:3:   layout_regular_city, shoals_dummy_entry,
          minmay_snake_entry_guardpost_medium, cheibrodos_lair_caveside_slide,
          st_stairs_5, grunt_forest_small_clearing_treed, lemuel_fruit_tree,
          uniq_amaemon
Lair:4:   layout_hall_layers
Lair:5:   evilmike_catoblepas_cave, layout_gridlike, slime_entry_1,
          minivault_24, pdpol_lair_cabin_in_the_woods, uniq_kirke
Shoals:1: layout_shoals
Shoals:2: layout_shoals
Shoals:3: layout_shoals
Shoals:4: shoals_end_hellmonk_holy_island
Snake:1:  layout_layer_cave
Snake:2:  layout_onion, basic_altar, uniq_frances
Snake:3:  layout_onion, basic_altar
Snake:4:  snake_pit_salamanders_mu, layout_cave_town, uniq_roxanne,
          uniq_bai_suzhen
Slime:1:  layout_caves
Slime:2:  cheibrodos_slime_lost_civilization_10, layout_caves, uniq_dissolution
Slime:3:  layout_caves
Slime:4:  cheibrodos_slime_lost_civilization_1, layout_caves, dissolution_awaits
Slime:5:  slime_pit_nicolae_jellycorners
Orc:1:    layout_caves, special_room [special_room_orc]
Orc:2:    st_orc_ogre_mass, layout_diamond_mine
Elf:1:    eino_elf_arrival_sip, layout_rooms, serial_shops,
          nicolae_shop_mannequins, hangedman_elf_disciples,
          corexii_hall_statues_x, nicolae_elf_loose_elemental_storage
Elf:2:    nicolae_elf_blades_splatter_lattice [nicolae_blade_entry_antechamber],
          layout_loops_ring, hellmonk_ghost_happy_afterlife, drop_trap
Elf:3:    minmay_elf_hall_dome, layout_geoelf_diagonals, grunt_megastairs_4,
          minmay_shop_star
Vaults:1: nicolae_vaults_network_star, vaults_room_fancy_cross,
          vaults_mumra_hex, nicolae_vaults_apartment_1,
          ontoclasm_vaults_ligature, vaults_room_pool, serial_ice_h, v_misc_19,
          nicolae_vaults_tetromino_T_2, nicolae_vaults_double_plus_1, v_misc_3,
          grunt_vaults_hallway_long, nicolae_vaults_alarming,
          layout_vaults_big_room, serial_shops, nicolae_shop_behind_doors
Vaults:2: hangedman_vaults_stagger, minmay_crypt_entry_simple_walls,
          hangedman_vaults_stitches, v_misc_1, grunt_vaults_hallway_long,
          layout_vaults_omnigrid, serial_shops, nicolae_shop_tiny_waterfront,
          nicolae_shop_tiny_real_fake_doors, nicolae_shop_overgrown_old_shop,
          shop, nicolae_shop_tiny_statue_garden, uniq_nikola, uniq_sojobo
Vaults:3: v_alt_pattern_5, vaults_room_octagon, ontoclasm_vaults_hangar,
          grunt_vaults_hallway_long, v_misc_30, vaults_dpeg_diagonal,
          nicolae_vaults_trapezoid_lopsided_2, hangedman_vaults_capsules,
          nicolae_vaults_tetromino_L_1, nicolae_vaults_taking_the_gang_shopping,
          hangedman_vaults_pinch, nicolae_vaults_enemy_cabinets,
          nicolae_vaults_tetromino_L_1, layout_vaults_omnicross
Vaults:4: nicolae_vaults_big_angled_halls, v_misc_5,
          nicolae_vaults_frosty_reception, nicolae_vaults_little_squares_5,
          nicolae_vaults_sesquioval_fish, hangedman_vaults_restitches,
          nicolae_vaults_storage_closets_1, v_misc_32,
          nicolae_vaults_security_offices_4, vaults_dpeg_ring,
          grunt_vaults_hallway_short, layout_vaults_ring
Vaults:5: uniq_jory
Crypt:1:  layout_misc_corridors, special_room [special_room_morgue],
          palyth_stone_intersect, corexii_hall_statues_l, grunt_ministairs_10
Crypt:2:  layout_chaotic_city, grunt_ministairs_5, uniq_margery
Crypt:3:  church_of_pain_bobbens, layout_chaotic_city, tomb_entry_shell_bobbens,
          due_unseen_surprise
Depths:1: layout_basic, pf_coc_iceberg, serial_shops, statue_bzr, pan_entry,
          gammafunk_ghost_necromancy, lemuel_statue_altar,
          kiku_gazebo_garden_becter
Depths:2: minmay_the_grid_4x2 [minmay_the_grid_aliased_spiral,
          minmay_the_grid_doors, minmay_the_grid_tree, minmay_the_grid_fan,
          minmay_the_grid_dragon_b, minmay_the_grid_zigzag_pyramid,
          minmay_the_grid_minigrid_small, minmay_the_grid_prize_four_corners],
          layout_honeycomb, grunt_mini_vestibule, pan_entry, serial_shops,
          nicolae_shop_waterfront, minmay_misc_feat_pillars, abyss_entry,
          minmay_staircase_windowed_small
Depths:3: minmay_inside_and_out, layout_cave_shapes,
          hangedman_decor_peaks_small, abyss_entry, pf_hell_entry_tar_river,
          uniq_norris
Depths:4: grunt_x_marks_the_spot, layout_gridlike, enter_ziggurat_d,
          serial_rivers, chequers_serial_rivers_micro_b,
          chequers_serial_rivers_small_b, chequers_serial_rivers_micro_e,
          chequers_serial_rivers_large_b, chequers_serial_rivers_micro_c,
          serial_shops, shop, nicolae_shop_trees, shop, shop, hell_entry
Hell
Zot:1:    hangedman_snap_crack_crunch, layout_onion,
          regret_index_zotdec_wing_it, regret_index_zotdec_demonic_mixed,
          hangedman_hellfire_club
Zot:2:    layout_gridlike, regret_index_zotdec_gossamer_parallel, uniq_tiamat
Zot:3:    layout_onion_interference, regret_index_zotdec_tunneler
Zot:4:    layout_gridlike, uniq_parghit
Zot:5:    layout_cellular_growth, st_stairs_13, hangedman_zot_decor_slant,
          grunt_ministairs_10
Pan:      mnoleg, layout_long_grid, nicolae_pan_mnolegish_3,
          nicolae_pan_sigil_eeng, rand_demon_2, layout_long_grid,
          evilmike_mini_pan_corner, layout_cellular_growth, pan_blood_fountain,
          evilmike_mini_pan_branches, layout_small_grid, rand_demon_7,
          layout_pan_divisions_a [pan_division_quadrant_a2,
          pan_division_quadrant_a6, pan_division_quadrant_a3,
          pan_division_quadrant_a4, pan_division_octagon_box],
          reaverb_pan_chaos_star, rand_demon_2, layout_gridville,
          pan_blood_fountain_small, evilmike_mini_pan_layers, layout_chambers,
          nicolae_pan_gloorx_vloqian_2, lom_lobon_grunt_wind_tunnels,
          layout_basic, gloorx_vloq_st, layout_gridlike,
          pan_blood_fountain_small, evilmike_holy_pan, evilmike_mini_pan_3x3,
          layout_pan_divisions_a [pan_division_quadrant_a4,
          pan_division_quadrant_a3, pan_division_quadrant_a1,
          pan_division_quadrant_a5, pan_division_octagon_halves], rand_demon_1,
          layout_cellular_growth, uniq_mennas_pan, grunt_pan_pentagram,
          layout_rooms, pan_blood_fountain_2, nicolae_pan_cerebovesque_3,
          evilmike_cerebov_lava, layout_chambers, pan_blood_fountain_small

Skill      XL: |  1  2  3  4  5  6  7  8  9 10 11 12 13 14 15 16 17 18 19 20 21 22 23 24 25 26 27 |
---------------+----------------------------------------------------------------------------------+-----
Shapeshifting  | 4 5 6 7 9 10 11 12 13 14 16 17 19 | 19.0
Shields        | 1 4 6 9 10 11 12 13 15 | 15.0
Fighting       | 2 5 7 10 11 13 14 15 16 19 25 | 25.3
Poison Magic   | 7 8 10 | 10.0
Staves         | 7 9 11 12 14 | 14.0
Evocations     | 4 8 10 | 10.0
Dodging        | 9 11 13 15 16 17 20 23 | 23.8
Summonings     | 2 12 17 21 23 26 27 | 27.0
Spellcasting   | 2 12 15 22 | 22.0
Unarmed Combat | |  3.0

Action                     |  1- 3 |  4- 6 |  7- 9 | 10-12 | 13-15 | 16-18 | 19-21 | 22-24 | 25-27 || total
---------------------------+-------+-------+-------+-------+-------+-------+-------+-------+-------++-------
  Melee: Unarmed           |    88 |   230 |   179 |       |       |       |       |       |       ||   497
         Punch             |     2 |     5 |       |       |       |       |       |       |       ||     7
         Tailslap          |    11 |    28 |    41 |   150 |   262 |   440 |   572 |   415 |  1144 ||  3063
         Peck              |       |       |    64 |    38 |       |       |       |       |       ||   102
         Staff             |       |       |   101 |   610 |  1006 |  1992 |  1636 |       |       ||  5345
         Bite              |       |       |    13 |    14 |       |       |       |       |    96 ||   123
         Maw               |       |       |       |    67 |   429 |   838 |   886 |   627 |  1732 ||  4579
         Pseudopods        |       |       |       |       |   273 |   583 |   331 |       |       ||  1187
         Kick              |       |       |       |       |       |       |   732 |   783 |  1551 ||  3066
         Lajatang          |       |       |       |       |       |       |   170 |  1068 |       ||  1238
         Bo                |       |       |       |       |       |       |       |   430 |  3746 ||  4176
         Headbutt          |       |       |       |       |       |       |       |       |   568 ||   568
  Throw: Dart              |     3 |     2 |     7 |     2 |       |       |       |       |       ||    14
         Throwing net      |       |       |       |     1 |       |       |       |       |       ||     1
   Cast: Olgreb's Toxic Ra |       |       |       |     1 |    27 |    34 |    17 |     8 |       ||    87
         Summon Cactus Gia |       |       |       |       |       |       |    11 |    17 |    10 ||    38
         Summon Mana Viper |       |       |       |       |       |       |       |    12 |    10 ||    22
         Dragon's Call     |       |       |       |       |       |       |       |     7 |    52 ||    59
         Haunt             |       |       |       |       |       |       |       |       |    14 ||    14
         Summon Forest     |       |       |       |       |       |       |       |       |     7 ||     7
         Summon Lightning  |       |       |       |       |       |       |       |       |     1 ||     1
 Invoke: Oozemancy         |       |       |     1 |     5 |     6 |    10 |     4 |     7 |    18 ||    51
         Slimify           |       |       |       |     1 |     2 |     1 |     4 |     4 |     6 ||    18
Ability: Breathe Dispellin |       |       |       |     1 |       |       |       |       |       ||     1
  Evoke: Wand              |       |       |       |     2 |       |       |       |    10 |     7 ||    19
         Tin of tremorston |       |       |       |       |       |     2 |       |       |       ||     2
         Sack of spiders   |       |       |       |       |       |       |       |     1 |     1 ||     2
         Lightning rod     |       |       |       |       |       |       |       |       |     6 ||     6
         Phantom mirror    |       |       |       |       |       |       |       |       |     2 ||     2
         Horn of Geryon    |       |       |       |       |       |       |       |       |     1 ||     1
    Use: Scroll            |       |     3 |     7 |    11 |     8 |     7 |     5 |    15 |    13 ||    69
         Potion            |       |       |       |     1 |       |     2 |     3 |    15 |    30 ||    51
   Stab: Sleeping          |     1 |     2 |       |     3 |    13 |    19 |    11 |    10 |    10 ||    69
         Distracted        |       |       |       |     2 |     3 |     3 |     3 |    24 |    78 ||   113
         Confused          |       |       |       |       |       |       |       |       |     4 ||     4
 Armour: Skin              |    37 |    92 |   136 |   224 |   281 |   703 |   619 |   646 |  1157 ||  3895
  Dodge: Dodged            |    57 |   177 |   227 |   444 |   768 |  1813 |  1320 |  1291 |  2730 ||  8827
  Block: Kite shield       |       |    28 |   193 |   407 |   740 |  1811 |  1099 |   367 |  2858 ||  7503
   Form: Maw               |       |       |       |     1 |       |       |       |       |     1 ||     2
         Death             |       |       |       |       |       |       |       |       |     1 ||     1

Table legend: (Time is in decaauts)
 A = Elapsed time spent in this place.
 B = Non-inter-level travel time spent in this place.
 C = Inter-level travel time spent in this place.
 D = Time resting spent in this place.
 E = Time spent auto-exploring this place.
 F = Levels seen in this place.
 G = Mean time per level.
                   A        B        C        D        E       F      G
               +--------+--------+--------+--------+--------+-----+--------+
         Total |  65899 |  56105 |   9794 |   5262 |  28009 |  75 |  878.7 |
       Dungeon |  13124 |   8663 |   4461 |    136 |   5113 |  15 |  874.9 |
          Lair |   4901 |   3065 |   1836 |      0 |   1803 |   5 |  980.2 |
        Shoals |   3138 |   2951 |    187 |      0 |   1431 |   4 |  784.5 |
     Snake Pit |   4493 |   4305 |    188 |    193 |   2584 |   4 | 1123.2 |
    Slime Pits |    938 |    797 |    141 |      0 |    516 |   5 |  187.6 |
  Orcish Mines |   1113 |    786 |    327 |      0 |    422 |   2 |  556.5 |
   Elven Halls |   3143 |   2858 |    285 |    148 |   1613 |   3 | 1047.7 |
        Vaults |   6119 |   5509 |    610 |    219 |   3235 |   5 | 1223.8 |
         Crypt |   3147 |   2993 |    154 |    164 |   1674 |   3 | 1049.0 |
        Depths |   5541 |   4585 |    956 |    446 |   2846 |   4 | 1385.2 |
          Hell |    718 |    702 |     16 |      0 |    401 |   1 |  718.0 |
           Zot |   6804 |   6174 |    630 |   1741 |   2331 |   5 | 1360.8 |
         Abyss |    838 |    838 |      0 |      0 |      0 |   3 |  279.3 |
   Pandemonium |  10320 |  10320 |      0 |   1614 |   3711 |  14 |  737.1 |
         Sewer |    706 |    706 |      0 |    314 |    122 |   1 |  706.0 |
      Ice Cave |    848 |    848 |      0 |    286 |    205 |   1 |  848.0 |
               +--------+--------+--------+--------+--------+-----+--------+

Top non-repeatable levels by time:
   Zot:5: 2050 daAuts
   Zot:1: 1690 daAuts
Depths:2: 1605 daAuts
    D:14: 1581 daAuts
 Snake:4: 1486 daAuts
Depths:3: 1455 daAuts
Vaults:5: 1381 daAuts
Vaults:2: 1361 daAuts
   Zot:2: 1336 daAuts
Depths:4: 1334 daAuts
Vaults:4: 1258 daAuts
     D:4: 1249 daAuts
 Crypt:3: 1235 daAuts
  Lair:5: 1230 daAuts
   Elf:3: 1209 daAuts
